 Dungeon Crawl Stone Soup version 0.31-a0-819-gf6de2f5ab6 (console) character file.

Game seed: 5667931642694605415

1651503 questionabletactics the Maledictor (level 27, 155/155 HPs)
             Began as a Vine Stalker Chaos Knight on Sept 23, 2023.
             Was a Favourite Plaything of Xom.
             Escaped with the Orb
             ... and 3 runes on Sept 24, 2023!
             The game lasted 05:12:11 (69416 turns).

questionabletactics the Maledictor (VSCK)          Turns: 69416, Time: 05:12:12

Health: 155/155    AC: 20    Str: 11 (13) XL:     27
Magic:  48/48      EV: 25    Int: 30      God:    Xom [...*..]
Gold:   9749       SH: 30    Dex: 23      Spells: 16/48 levels left

rFire   + + .        a - +8 quick blade (elec)
rCold   + . .        Z - +1 tower shield {rC+ rF+}
rNeg    + . .        B - +1 acid dragon scales
rPois   +            p - +2 hat {SInv}
rElec   +            M - +2 cloak {rPois}
rCorr   +            z - +0 pair of gloves of Icriej {Rampage rPois Will+ Stlth-}
SInv    +            k - +2 pair of boots "Yruelun" {Will+ Int+4 Dex-3}
Will    +++++        o - amulet "Leocoh" {Reflect Contam rElec rN+ Int+3 SH+5}
Stlth   ++           i - ring of wizardry
HPRegen 1.25/turn    R - ring of Foesam {rF+ MP+9 Int+3}
MPRegen 0.31/turn

%: reflection, guardian spirit, rampage, wizardry (x1)
@: studying 3 skills
A: fangs 3, regeneration 1, magic shield, antimagic bite, no potion heal 2,
horns 1, talons 1, iridescent scales 1, clever 2, strong-willed 1, mutation
resistance 1, screaming 2, wild magic 3, inability to drink after injury 1
0: Orb of Zot
}: 3/15 runes: decaying, serpentine, silver
a: Renounce Religion


You escaped.
You worshipped Xom.
You were a favourite toy of Xom.
You visited 11 branches of the dungeon, and saw 51 of its levels.

You collected 12507 gold pieces.
You spent 2758 gold pieces at shops.

Inventory:

Hand Weapons
 a - a +8 quick blade of electrocution (weapon)
 b - a +1 dagger of electrocution
 w - the +11 long sword of Twilight {speed, rElec SInv}
   (You took it off a vault guard on level 5 of the Vaults)

   rElec:     It insulates you from electricity.
   SInv:      It lets you see invisible.
Missiles
 O - 6 curare-tipped darts
Armour
 k - the +2 pair of boots "Yruelun" (worn) {Will+ Int+4 Dex-3}
   (You found it on level 9 of the Dungeon)

   Int+4:     It affects your intelligence (+4).
   Dex-3:     It affects your dexterity (-3).
   Will+:     It increases your willpower.
 p - a +2 hat of see invisible (worn)
 z - the +0 pair of gloves of Icriej (worn) {Rampage rPois Will+ Stlth-}
   (You found it on level 6 of the Dungeon)

   rPois:     It protects you from poison Will+: It increases your willpower.
   Rampage:   It bestows one free step when moving towards enemies.
   Stlth-:    It makes you less stealthy.
 B - +1 acid dragon scales (worn)
 M - a +2 cloak of poison resistance (worn)
 Z - a +1 tower shield of resistance (worn)
Jewellery
 i - a ring of wizardry (left hand)
 o - the amulet "Leocoh" (around neck) {Reflect Contam rElec rN+ Int+3 SH+5}
   (You took it off a skeletal warrior on level 3 of the Crypt)

   [amulet of reflection]

   Reflect:   It reflects blocked missile attacks.
   Int+3:     It affects your intelligence (+3).
   rElec:     It insulates you from electricity.
   rN+:       It protects you from negative energy.
   Contam:    It causes magical contamination when unequipped.
   SH+5:      It affects your SH (+5).
 C - a +4 ring of protection
 G - a +4 ring of protection
 H - a +6 ring of strength
 P - a ring of poison resistance
 R - the ring of Foesam (right hand) {rF+ MP+9 Int+3}
   (You acquired it on level 4 of the Vaults)

   [ring of magical power]

   Int+3:     It affects your intelligence (+3).
   rF+:       It protects you from fire.
   MP+9:      It affects your magic capacity (+9).
 Y - a ring of flight
Wands
 d - a wand of paralysis (37)
 e - a wand of digging (3)
 h - a wand of polymorph (36)
 r - a wand of light (10)
 L - a wand of roots (50)
Scrolls
 l - 5 scrolls of teleportation
 n - 3 scrolls of vulnerability
 t - 5 scrolls of fog
 u - a scroll of revelation
 v - 3 scrolls of blinking
 J - 4 scrolls of silence
 Q - 3 scrolls of enchant armour
 V - a scroll of fear
 X - 4 scrolls of butterflies
Potions
 f - 9 potions of magic
 m - 4 potions of ambrosia
 s - 2 potions of enlightenment
 x - 2 potions of might
 A - 2 potions of cancellation
 D - 4 potions of invisibility
 E - 9 potions of mutation
 F - a potion of haste
 I - 10 potions of curing
 N - 2 potions of brilliance
 S - 4 potions of resistance
Miscellaneous
 c - a phial of floods
 j - a box of beasts
 q - a phantom mirror


   Skills:
 + Level 19.2 Fighting
 - Level 14.9 Short Blades
 - Level 6.8 Armour
 - Level 18.7 Dodging
 - Level 17.9 Stealth
 - Level 20.4 Shields
 - Level 11.0 Spellcasting
 - Level 23.0 Hexes
 - Level 3.7 Translocations
 - Level 2.1 Ice Magic
 - Level 5.7 Evocations


You had 16 spell levels left.
You knew the following spells:

 Your Spells              Type           Power      Damage    Failure   Level
a - Ensorcelled Hibernat  Hex/Ice        100%       N/A       1%          2
b - Dazzling Flash        Conj/Hex       100%       N/A       1%          3
c - Confusing Touch       Hex            100%       N/A       1%          3
d - Blink                 Tloc           100%       N/A       6%          2
e - Cause Fear            Hex            69%        N/A       1%          4
f - Tukima's Dance        Hex            100%       N/A       1%          3
g - Enfeeble              Hex            69%        N/A       2%          7
h - Discord               Hex            69%        N/A       9%          8

Your spell library contained the following spells:

 Spells                   Type           Power      Damage    Failure   Level
 Slow                     Hex            100%       N/A       1%          1
 Jinxbite                 Hex            100%       N/A       1%          2
 Sigil of Binding         Hex            100%       N/A       1%          3
 Summon Guardian Golem    Hex/Summ       100%       N/A       1%          3
 Dimensional Bullseye     Hex/Tloc       55%        N/A       1%          4
 Anguish                  Hex/Necr       52%        N/A       2%          4
 Fulminant Prism          Conj/Hex       52%        3d22      2%          4
 Leda's Liquefaction      Hex/Erth       52%        N/A       2%          4
 Apportation              Tloc           100%       N/A       4%          1
 Metabolic Englaciation   Hex/Ice        54%        N/A       4%          5
 Summon Mana Viper        Hex/Summ       100%       N/A       4%          5
 Lesser Beckoning         Tloc           100%       N/A       6%          2
 Momentum Strike          Conj/Tloc      100%       3d10      10%         2
 Gell's Gravitas          Tloc           65%        N/A       10%         3
 Teleport Other           Tloc           65%        N/A       10%         3
 Kiss of Death            Conj/Necr      100%       2d13      12%         1
 Magic Dart               Conj           100%       1d8       12%         1
 Sandblast                Erth           62%        2d14      12%         1
 Shock                    Conj/Air       100%       1d9       12%         1
 Sting                    Tmut/Pois      100%       1d8       12%         1
 Frozen Ramparts          Ice            100%       1d16      16%         3
 Volatile Blastmotes      Fire/Tloc      100%       2d18      16%         3
 Call Imp                 Summ           62%        N/A       17%         2
 Cigotuvi's Dreadful Rot  Necr/Pois/Air  62%        N/A       17%         2
 Passwall                 Tmut/Erth      25%        N/A       17%         2
 Poisonous Vapours        Pois/Air       62%        N/A       17%         2
 Scorch                   Fire           62%        2d7       17%         2
 Sublimation of Blood     Necr           31%        N/A       17%         2
 Passage of Golubria      Tloc           65%        N/A       22%         4
 Ignite Poison            Fire/Tmut/Pois 31%        N/A       28%         3
 Mephitic Cloud           Conj/Pois/Air  31%        N/A       28%         3
 Stone Arrow              Conj/Erth      62%        3d10      28%         3
 Swiftness                Air            31%        N/A       28%         3
 Vampiric Draining        Necr           31%        2d8       28%         3
 Iskenderun's Mystic Bla  Conj/Tloc      51%        2d11      38%         4
 Summon Ice Beast         Ice/Summ       43%        N/A       45%         4
 Airstrike                Air            15%        2d(3-19)  58%         4
 Animate Armour           Summ/Erth      62%        N/A       58%         4
 Animate Dead             Necr           31%        N/A       58%         4
 Brom's Barrelling Bould  Conj/Erth      31%        2d5       58%         4
 Dispel Undead            Necr           31%        3d14      58%         4
 Flame Wave               Conj/Fire      31%        2d9       58%         4
 Olgreb's Toxic Radiance  Pois           31%        N/A       58%         4
 Petrify                  Tmut/Erth      31%        N/A       58%         4
 Sticky Flame             Conj/Fire      31%        2d5       58%         4
 Summon Lightning Spire   Summ/Air       31%        N/A       58%         4
 Summon Forest            Summ/Tloc      25%        N/A       67%         5
 Freezing Cloud           Conj/Ice/Air   19%        6-21      82%         5
 Alistair's Intoxication  Tmut/Pois      20%        N/A       87%         5
 Borgnjor's Vile Clutch   Necr/Erth      15%        N/A       87%         5
 Fireball                 Conj/Fire      15%        3d8       87%         5
 Iskenderun's Battlesphe  Conj           31%        2d8       87%         5
 Lee's Rapid Deconstruct  Erth           15%        3d10*     87%         5
 Simulacrum               Ice/Necr       21%        N/A       99%         6
 Bombard                  Conj/Erth      15%        9d3       100%        6
 Conjure Ball Lightning   Conj/Air       15%        3x3d6     100%        6
 Death Channel            Necr           15%        N/A       100%        6
 Eringya's Noxious Bog    Tmut/Pois      15%        4d6       100%        6
 Starburst                Conj/Fire      15%        6d6       100%        6
 Summon Cactus Giant      Summ           15%        N/A       100%        6
 Haunt                    Necr/Summ      15%        N/A       100%        7
 Monstrous Menagerie      Summ           15%        N/A       100%        7
 Orb of Destruction       Conj           15%        9d7       100%        7
 Ozocubu's Refrigeration  Ice            27%        4d13      100%        7
 Spellforged Servitor     Conj/Summ      15%        N/A       100%        7
 Summon Hydra             Summ           15%        N/A       100%        7
 Borgnjor's Revivificati  Necr           15%        N/A       100%        8
 Disjunction              Tloc           32%        N/A       100%        8
 Ignition                 Fire           15%        3d6       100%        8
 Infestation              Necr           15%        N/A       100%        8
 Maxwell's Capacitive Co  Air            15%        ∞         100%        8
 Dragon's Call            Summ           15%        N/A       100%        9
 Polar Vortex             Ice            27%        12d3*     100%        9


Dungeon Overview and Level Annotations

Branches:
Dungeon (15/15)            Temple (1/1) D:4            Lair (5/5) D:8
  Swamp (4/4) Lair:2        Snake (4/4) Lair:2        Slime (0/5) Lair:4
    Orc (2/2) D:11            Elf (3/3) Orc:2        Vaults (5/5) D:13
  Crypt (3/3) Vaults:3       Tomb (0/3) Crypt:3      Depths (4/4) D:15
    Zot (5/5) Depths:4

Altars:
Ashenzari
Cheibriados
Dithmenos
Elyvilon
Fedhas
Gozag
Hepliaklqana
Kikubaaqudgha
Makhleb
Nemelex Xobeh
Okawaru
Qazlal
Ru
Sif Muna
Trog
Uskayaw
Vehumet
Wu Jian
Xom
Yredelemnul
Zin
The Shining One

Shops:
D:13 [   Orc:2 [[*?   Elf:1 ?   Snake:1 (   Snake:4 =:=   Vaults:3 *

Portals:
Hell: Depths:1 Depths:2 Depths:3 Depths:4
Abyss: Depths:1 Depths:3
Pandemonium: Depths:2 Depths:3
Ziggurat: Depths:4
Trove: D:14 (give +4 storm dragon scales)

Annotations:
Snake:3 Asterion; Mlioglotl
Elf:1 exclusion: 2 doors
Elf:2 31 runed doors
Elf:3 Roxanne
Vaults:4 6 runed translucent doors
Zot:5 3 runed translucent doors, Zonian's ghost, legendary AtFi


Innate Abilities, Weirdness & Mutations

You have razor-sharp teeth.
Your natural rate of healing is unusually fast.
When hurt, damage is shared between your health and your magic reserves.
Your bite disrupts and absorbs the magic of your enemies.
Potions cannot restore your health.
You have a pair of small horns on your head.
You have sharp toenails.
You are partially covered in iridescent scales. (AC +2)
Your mind is very acute. (Int +8, Str/Dex -2)
You are strong-willed. (Will+)
You are somewhat resistant to further mutation.
You frequently scream uncontrollably at your foes.
Your spells are much harder to cast, but much more powerful.
You occasionally lose the ability to drink potions when taking damage.


Message History

You feel your strength returning.
There is an escape hatch in the ceiling here.
A mysterious force pulls you upwards. The hatch slams shut behind you.
There is a stone staircase leading up here.
You climb upwards.
There is a stone staircase leading down here.
You see here 4 large rocks.
Your cleaving frenzy subsides.
There is an open door here.
There is a stone staircase leading up here.
You climb upwards.
There is a stone staircase leading down here.
A neqoxec comes into view.
The neqoxec moves out of view.
There is a stone staircase leading up here.
You climb upwards.
There is a stone staircase leading down here.
There is a stone staircase leading up here.
You climb upwards.
There is a stone staircase leading down here.
There is a stone staircase leading up here.
You climb upwards.
There is a stone staircase leading down here.
There is a stone staircase leading up here.
You climb upwards.
There is a stone staircase leading down here.
There is a stone staircase leading up here.
You climb upwards.
There is a stone staircase leading down here.
There is a stone staircase leading up here.
You climb upwards.
There is a stone staircase leading down here.
A lorocyproca comes into view.
You hear Xom's maniacal cackling.
Your body is suffused with distortional energy.
Your toenails lengthen and sharpen.
There is an open door here.
An Orb Guardian comes into view.
There is a staircase leading out of the dungeon here.
You have escaped!

#.# ##...X.'...#.#.####
#.# #.# #.....#.8.#.#.#
##.### #.#
##..2.#...#...# #.....
#.# #....#...###.##
#..### ###.#
###X#######...## #..#
#...#
#2######.#.#.###..###
#.###
#.....##.........(...
#.#
#.....##.#.#.##...###
#.#
#.##@.###.>.###......
#.# #.....# ##.##
#..#.## ###.# #.....#
#.# #..#.## ....#
####### #.####..#.##
#####
############...........
#...........#####..####
#.#######...........#
#.# ##........).### #(#
#.............


You could see an Orb Guardian and a lorocyproca (invisible).

Vanquished Creatures
  3 dread liches (Zot:5)
  An orb of fire (Zot:5)
  2 ancient liches (Zot:5)
  2 juggernauts
  Sojobo (Depths:2)
  3 Killer Klowns
  Saint Roka (Elf:3)
  the Lernaean hydra (Swamp:4)
  Vashnia (Snake:2)
  2 caustic shrikes (Depths:3)
  6 golden dragons
  A profane servitor (Crypt:3)
  Norris (Vaults:1)
  A bone dragon (Crypt:3)
  12 tentacled monstrosities
  2 electric golems
  15 Orb Guardians
  5 liches
  4 deep elf blademasters
  5 quicksilver dragons
  A deep elf master archer (Elf:3)
  2 walking frostbound tomes
  6 titans
  4 sphinxes
  An Executioner (D:15)
  Gastronok (Lair:2)
  5 death cobs
  A thorn hunter (Swamp:3)
  7 tengu reavers
  Aizul (Swamp:3)
  9 shadow dragons
  15 nagarajas (Snake:4)
  4 draconian monks
  A fenstrider witch (Lair:2)
  Donald (Elf:3)
  4 revenants (Crypt:2)
  5 storm dragons
  4 draconian knights
  4 iron dragons
  17 vault wardens
  7 deep elf sorcerers
  A draconian scorcher (Zot:3)
  8 fire giants
  4 frost giants
  A draconian shifter (Zot:4)
  3 deep elf elementalists (Elf:3)
  3 curse skulls
  Louise (Depths:3)
  2 orc warlords (Vaults:2)
  14 ghouls
  5 draconian annihilators
  A juggernaut zombie (Crypt:3)
  13 ironbound preservers
  A war gargoyle (Vaults:5)
  15 very ugly things
  2 reapers (Crypt:2)
  2 formless jellyfish
  A draconian stormcaller (Zot:4)
  15 stone giants
  2 cacodemons
  A spriggan defender (Depths:3)
  A caustic shrike skeleton (Crypt:1)
  5 ironbound thunderhulks
  A juggernaut skeleton (Crypt:2)
  A quicksilver ooze (shapeshifter) (Depths:3)
  7 vampire knights
  14 black draconians
  2 green draconians
  10 eleionomae
  7 deep elf annihilators
  5 yellow draconians
  9 white draconians
  3 bunyips
  7 red draconians
  4 spark wasps
  5 purple draconians
  8 deep elf demonologists
  12 eidola
  12 dire elephants
  A lorocyproca (D:11)
  A merfolk javelineer (Depths:1)
  A blizzard demon (Depths:1)
  15 yaktaur captains
  2 jiangshi
  5 deep elf high priests
  16 ettins
  3 fire dragons
  5 deep elf death magi (Elf:3)
  2 green deaths (Depths:1)
  2 crystal guardians (Vaults:2)
  A mummy priest (Crypt:3)
  An entropy weaver (Vaults:3)
  A quicksilver dragon zombie (Crypt:3)
  6 vault guards
  2 peacekeepers
  A fenstrider witch zombie (Crypt:3)
  2 great orbs of eyes (Vaults:2)
  A hell beast (Depths:1)
  11 ice dragons
  A spriggan zombie (Crypt:3)
  A quicksilver dragon skeleton (Crypt:1)
  2 salamander tyrants (Snake:4)
  18 hydras
  4 catoblepae (Lair:5)
  9 alligators
  A sphinx zombie (Depths:3)
  4 ghost crabs
  6 ogre magi
  7 boulder beetles
  14 ironbound frosthearts
  10 anacondas
  2 death knights (Crypt:3)
  11 centaur warriors
  Erica (D:8)
  20 two-headed ogres
  The ghost of Kurtz the Cleaver, a journeyman OpFi of Okawaru (Lair:1)
  2 tengu warriors
  7 deep troll shamans
  20 dancing weapons
  3 titan zombies (Crypt:3)
  7 death yaks
  Urug (Lair:3)
  10 deep troll earth magi
  A vampire mage (Crypt:2)
  23 naga warriors
  19 naga sharpshooters
  6 spriggan berserkers
  8 shock serpents
  A soul eater (Depths:3)
  4 sun demons
  12 hell knights
  A titan skeleton (Crypt:2)
  19 deep elf knights
  A fire crab (Vaults:2)
  2 skysharks
  29 skeletal warriors
  2 bunyip zombies (Crypt:3)
  4 salamander mystics
  6 iron trolls
  An iron giant zombie (Crypt:3)
  4 spriggan druids
  A spark wasp zombie (Depths:3)
  51 deep trolls
  4 goliath frogs
  2 sixfirhies (D:10)
  7 naga ritualists
  A deep troll (shapeshifter) (Vaults:5)
  An obsidian statue (Depths:1)
  6 flayed ghosts
  10 swamp dragons
  2 anaconda zombies (Crypt:3)
  A shadow demon (Depths:3)
  13 bog bodies
  18 deep elf archers
  5 orc knights
  20 ironbound convokers
  7 lindwurms
  7 wizards
  20 phantasmal warriors
  8 necromancers
  29 deep elf pyromancers
  10 mana vipers
  A cyclops (shapeshifter) (Depths:2)
  A human zombie (Vaults:2)
  3 wolf spiders
  2 stone giant zombies (Crypt:3)
  A tengu skeleton (Vaults:3)
  A goliath frog skeleton (Crypt:1)
  16 salamanders
  25 deep elf zephyrmancers
  37 ugly things
  7 cyclopes
  4 orc sorcerers
  3 will-o-the-wisps
  8 manticores
  2 stone giant skeletons
  7 human skeletons
  16 moths of wrath
  13 elephants
  A fire giant skeleton (Depths:3)
  A rust devil (D:10)
  A dire elephant zombie (Crypt:3)
  3 frost giant skeletons
  7 guardian serpents
  20 vault sentinels
  19 naga magi
  A torpor snail (Lair:4)
  43 black mambas
  2 smoke demons (Depths:1)
  An iron dragon skeleton (Vaults:3)
  A gargoyle (D:12)
  3 orange demons
  An alligator snapping turtle zombie (Crypt:3)
  21 cane toads
  Jeremiah (D:8)
  25 yaktaurs
  2 redback zombies
  13 komodo dragons
  2 unseen horrors (D:12)
  A yaktaur (shapeshifter) (D:13)
  3 freezing wraiths
  A rime drake (shapeshifter) (D:14)
  A death drake zombie (Crypt:1)
  A tormentor (Depths:1)
  A guardian mummy (Crypt:3)
  A tengu conjurer (Depths:3)
  A yaktaur skeleton (Vaults:3)
  A hellwing (Depths:3)
  A tengu simulacrum (Vaults:3)
  4 tyrant leeches
  2 ice devils (Depths:3)
  A meliai (shapeshifter) (Lair:1)
  3 meliai (D:13)
  4 polar bears
  14 trolls
  9 hornets
  An iron troll skeleton (Crypt:1)
  2 tarantellas
  A hornet (shapeshifter) (Lair:4)
  7 blink frogs
  A deep troll zombie (Vaults:2)
  Grinder (D:5)
  An ettin zombie (Vaults:3)
  2 jumping spiders (Crypt:3)
  A centaur simulacrum (D:14)
  2 air elementals
  A guardian serpent skeleton (Crypt:2)
  A human simulacrum (Crypt:1)
  2 vampires
  A shadow (Crypt:3)
  41 slime creatures
  A yak (shapeshifter) (Lair:2)
  2 ettin skeletons (Vaults:3)
  A slime creature zombie (Crypt:1)
  12 spriggans
  5 fire elementals
  5 wyverns
  5 ynoxinuls
  42 yaks
  6 water elementals
  An ushabti (Crypt:3)
  13 wraiths
  A golden eye (shapeshifter) (Lair:1)
  A basilisk (D:13)
  4 redbacks (Crypt:3)
  A neqoxec (Depths:1)
  18 vampire mosquitoes
  6 wargs
  12 swamp worms
  57 nagas
  3 naga zombies (Crypt:3)
  A warg (shapeshifter) (Elf:3)
  5 acid dragons
  An entropy weaver zombie (Crypt:2)
  2 floating eyes
  A hell hound (Snake:1)
  12 water moccasins
  2 sky beasts (D:7)
  7 swamp drakes
  An ogre skeleton (Vaults:3)
  An ice beast (D:6)
  A black bear (D:8)
  A glowing shapeshifter skeleton (Crypt:2)
  17 orc warriors
  21 ogres
  4 wolves (Lair:5)
  23 centaurs
  A phantom (Crypt:3)
  A swamp dragon skeleton (Crypt:2)
  5 kobold brigands
  A vine stalker zombie (Crypt:1)
  10 bullfrogs
  14 necrophages
  3 scorpions
  4 gnoll sergeants
  5 earth elementals
  9 wights
  9 wyvern skeletons (Crypt:3)
  2 naga simulacra (Crypt:1)
  6 killer bees (D:9)
  4 electric eels
  4 howler monkeys
  A lava snake (D:9)
  A basilisk zombie (Crypt:1)
  5 orc priests
  A gnoll bouda (D:4)
  A hound (D:3)
  11 jellies
  Crazy Yiuf (D:2)
  A sleepcap (D:6)
  Jessica (D:2)
  A basilisk skeleton (Crypt:1)
  3 iguanas
  Terence (D:2)
  13 orc wizards
  7 hell rats
  A mummy (Crypt:3)
  22 gnolls
  4 adders
  A steam dragon skeleton (Crypt:1)
  A white imp (D:5)
  An iguana skeleton (Crypt:2)
  3 worms
  2 dart slugs
  49 orcs
  6 bats
  8 endoplasms
  6 giant cockroaches
  A goblin (D:3)
  8 hobgoblins
  4 jackals (D:1)
  5 quokkas
  7 ball pythons
  4 frilled lizards (D:1)
  34 kobolds
  3 rats
  A rat zombie (Crypt:1)
2006 creatures vanquished.

Vanquished Creatures (collateral kills)
  A Killer Klown (Zot:4)
  The ghost of Yhaurph the Hoplite, an adept MiFi of Okawaru (Vaults:4)
  A profane servitor (Crypt:3)
  A tentacled monstrosity (Vaults:5)
  4 Orb Guardians (Zot:5)
  A lich (Vaults:5)
  2 sphinxes (Vaults:5)
  A tengu reaver (Vaults:5)
  Kirke (Snake:4)
  A storm dragon (Vaults:4)
  A deep elf sorcerer (Vaults:5)
  A nagaraja (Snake:2)
  A draconian shifter (Depths:4)
  A deep elf elementalist (Elf:3)
  A reaper (Crypt:2)
  A war gargoyle (Vaults:5)
  2 stone giants (Vaults:5)
  A deep elf demonologist (Vaults:5)
  A red draconian (Depths:4)
  2 yellow draconians (Zot:4)
  A jiangshi (Crypt:2)
  3 yaktaur captains (Vaults:5)
  2 ice dragons (Depths:4)
  22 vault guards
  A two-headed ogre (Vaults:4)
  2 naga sharpshooters (Snake:4)
  A naga warrior (Snake:4)
  A soul eater (Crypt:2)
  A salamander mystic (Snake:4)
  A skyshark (Vaults:1)
  3 skeletal warriors
  2 ironbound convokers (Vaults:5)
  A bog body (Swamp:4)
  A naga ritualist (Snake:4)
  A wizard (Vaults:1)
  3 phantasmal warriors (Vaults:5)
  A faun (shapeshifter) (Vaults:5)
  A deep elf zephyrmancer (Elf:1)
  2 salamanders (Snake:4)
  An elephant (Lair:4)
  2 vault sentinels
  3 yaktaurs (Vaults:5)
  A hornet (Swamp:1)
  A yak (Lair:5)
  2 humans (Snake:4)
  3 hogs (Snake:4)
  4 nagas (Snake:4)
  A sky beast (D:6)
  A black bear (D:6)
  A centaur (D:9)
  A kobold brigand (D:9)
  2 wights (D:9)
  An orc priest (D:7)
  A hound (D:7)
  An orc (D:6)
  6 kobolds (D:9)
108 creatures vanquished.

Vanquished Creatures (others)
  An Orb Guardian (Zot:5)
  A death cob (Zot:5)
  A tengu reaver (Vaults:5)
  A draconian knight (Zot:4)
  A frost giant (Vaults:5)
  A yellow draconian (Zot:4)
  An ogre mage (Vaults:5)
  3 vault guards (Vaults:5)
  A deep troll earth mage (Vaults:5)
  4 dancing weapons
  A deep elf knight (Elf:2)
  A deep elf zephyrmancer (Elf:2)
  A yaktaur (Vaults:5)
  2 bloated husks
  A water elemental (Elf:3)
  A warg (Depths:1)
  A floating eye (shapeshifter) (Elf:3)
  2 swamp drakes (Swamp:4)
  A scorpion (Snake:4)
  A butterfly (D:3)
  22 foxfires
49 creatures vanquished.

Grand Total: 2163 creatures vanquished

Notes
Turn   | Place    | Note
-------+----------+-------------------------------------------
     0 | D:1      | questionabletactics the Vine Stalker Chaos Knight began the
                  | quest for the Orb.
     0 | D:1      | Reached XP level 1. HP: 11/11 MP: 2/2
    55 | D:1      | Reached skill level 1 in Stealth
   172 | D:1      | Reached XP level 2. HP: 16/16 MP: 3/3
   201 | D:1      | XOM: silly message
   316 | D:1      | XOM: silly message
   416 | D:1      | Reached XP level 3. HP: 19/19 MP: 4/4
   558 | D:1      | Found a faded altar of an unknown god.
   781 | D:2      | You fall into a shaft and drop 2 floors!
   900 | D:4      | Found a staircase to the Ecumenical Temple.
   909 | Temple   | Entered the Ecumenical Temple
   915 | D:4      | Noticed a bullfrog
   921 | D:4      | Killed a bullfrog
   922 | D:4      | Reached XP level 4. HP: 23/23 MP: 5/5
  1025 | D:4      | Reached XP level 5. HP: 25/27 MP: 4/6
  1134 | D:4      | Found a snail-covered altar of Cheibriados.
  1217 | D:2      | Noticed Terence
  1227 | D:2      | XOM: fog
  1372 | D:2      | Noticed Jessica
  1385 | D:2      | Killed Jessica
  1386 | D:2      | Reached skill level 1 in Dodging
  1391 | D:2      | XOM: 2-stop teleportation journey
  1522 | D:2      | Found a runed translucent door.
  1523 | D:2      | Noticed Crazy Yiuf
  1635 | D:3      | Reached skill level 5 in Stealth
  1768 | D:3      | Found a white marble altar of Elyvilon.
  1895 | D:3      | Reached XP level 6. HP: 32/32 MP: 7/7
  2444 | D:4      | XOM: god gift: 2 javelins
  2897 | D:4      | XOM: give mutations
  2897 | D:4      | Gained mutation: Your mind is acute. (Int +4, Str/Dex -1)
                  | [Xom's grace]
  2897 | D:4      | Gained mutation: You are somewhat resistant to further
                  | mutation. [Xom's grace]
  2897 | D:4      | Lost mutation: You are somewhat resistant to further
                  | mutation. [Xom's grace]
  2897 | D:4      | Gained mutation: You have hidden genetic potential. [Xom's
                  | grace]
  2947 | D:4      | XOM: divination: detect items
  3041 | D:5      | Entered Level 5 of the Dungeon
  3180 | D:5      | Noticed a sky beast
  3205 | D:5      | XOM: god gift: 3 datura-tipped darts
  3225 | D:5      | XOM: cast spell 'Death Channel'
  3356 | D:5      | Reached skill level 5 in Short Blades
  3356 | D:5      | Reached XP level 7. HP: 22/35 MP: 5/8
  3388 | D:5      | XOM: god gift: 5 silver javelins
  3472 | D:5      | Noticed Grinder
  3513 | D:6      | Identified the +0 pair of gloves of Icriej {Rampage rPois
                  | Will+ Stlth-}
  3587 | D:6      | XOM: god gift: 639 gold pieces
  3663 | D:6      | XOM: give mutations
  3663 | D:6      | Gained mutation: You have sharp toenails. [Xom's grace]
  3663 | D:6      | Lost mutation: You have sharp toenails. [Xom's grace]
  3663 | D:6      | Gained mutation: You have large cloven feet. [Xom's grace]
  3663 | D:6      | Gained mutation: Your muscles are strong. (Str +4, Int/Dex
                  | -1) [Xom's grace]
  3663 | D:6      | Gained mutation: You are partially covered in iridescent
                  | scales. (AC +2) [Xom's grace]
  3763 | D:6      | XOM: cloud trail
  3765 | D:5      | XOM: cleaving
  3781 | D:6      | XOM: summons 2 friendly demons
  3793 | D:6      | Gained mutation: You are robust. (+10% HP) [hidden
                  | potential]
  3920 | D:6      | Gained mutation: You have razor-sharp teeth. [Vine Stalker
                  | growth]
  3920 | D:6      | Reached XP level 8. HP: 36/46 MP: 9/9
  4197 | D:6      | Found a glowing silver altar of Zin.
  4199 | D:6      | Found Zin's Purification Station.
  4222 | D:6      | Found a basalt altar of Yredelemnul.
  4223 | D:6      | Found a shadowy altar of Dithmenos.
  4244 | D:6      | XOM: scenery: create altars
  4379 | D:6      | Found an ornate altar of the Wu Jian Council.
  4681 | D:7      | XOM: summons friendly white imp
  4685 | D:7      | XOM: enchant monster (good)
  4706 | D:7      | XOM: scenery: create altars
  4728 | D:7      | Found a shimmering altar of Xom.
  4736 | D:7      | XOM: 1-stop teleportation journey
  4774 | D:7      | Reached skill level 5 in Fighting
  4851 | D:7      | XOM: cloud trail
  4941 | D:7      | Found an opulent altar of Gozag.
  5022 | D:7      | XOM: give mutations
  5022 | D:7      | Gained mutation: You have a pair of small antennae on your
                  | head. [Xom's grace]
  5022 | D:7      | Gained mutation: You are strong-willed. (Will+) [Xom's
                  | grace]
  5022 | D:7      | Gained mutation: You have hoof-like feet. [Xom's grace]
  5022 | D:7      | Gained mutation: You are mostly covered in iridescent
                  | scales. (AC +4) [Xom's grace]
  5127 | D:7      | Found a sacrificial altar of Ru.
  5218 | D:8      | Noticed Erica
  5318 | D:8      | XOM: 1-stop teleportation journey
  5319 | D:8      | Noticed a komodo dragon
  5320 | D:8      | Noticed a yak
  5332 | D:8      | Noticed Jeremiah
  5362 | D:8      | Reached XP level 9. HP: 49/52 MP: 10/10
  5376 | D:8      | Killed Jeremiah
  5377 | D:8      | Reached skill level 5 in Dodging
  5385 | D:8      | XOM: give mutations
  5385 | D:8      | Gained mutation: You are completely covered in iridescent
                  | scales. (AC +6) [Xom's grace]
  5385 | D:8      | Gained mutation: Your mind is very acute. (Int +8, Str/Dex
                  | -2) [Xom's grace]
  5385 | D:8      | Gained mutation: Your muscles are very strong. (Str +8,
                  | Int/Dex -2) [Xom's grace]
  5385 | D:8      | Gained mutation: Your flesh is heat resistant. (rF+) [Xom's
                  | grace]
  5394 | D:8      | Gained mutation: Your spells are a little harder to cast,
                  | but a little more powerful. [hidden potential]
  5394 | D:8      | Lost mutation: You have hidden genetic potential. [hidden
                  | potential expressed]
  5490 | D:8      | XOM: scenery: summon butterflies
  5530 | D:8      | Killed Erica
  5546 | D:8      | Reached XP level 10. HP: 58/58 MP: 11/11
  5607 | D:8      | Found a staircase to the Lair.
  5759 | D:8      | XOM: give mutations
  5759 | D:8      | Gained mutation: You have hooves in place of feet. [Xom's
                  | grace]
  5759 | D:8      | Gained mutation: Your spells are harder to cast, but more
                  | powerful. [Xom's grace]
  5809 | D:8      | XOM: god gift: book of Weapons
  5877 | D:9      | Found a broken altar of Ashenzari.
  5930 | D:9      | Reached skill level 1 in Evocations
  6055 | D:9      | XOM: give mutations
  6055 | D:9      | Gained mutation: You are somewhat resistant to further
                  | mutation. [Xom's grace]
  6055 | D:9      | Gained mutation: Your spells are much harder to cast, but
                  | much more powerful. [Xom's grace]
  6055 | D:9      | Gained mutation: You expend magic power (3 MP) to
                  | strengthen your wands. [Xom's grace]
  6055 | D:9      | Gained mutation: You passively dampen the noise of your
                  | surroundings. [Xom's grace]
  6167 | D:9      | XOM: god gift: 23 gold pieces
  6220 | D:9      | Found an ancient bone altar of Kikubaaqudgha.
  6671 | D:9      | XOM: give mutation
  6671 | D:9      | Gained mutation: You heal very quickly. [Xom's grace]
  6690 | D:9      | Found a hazy altar of Hepliaklqana.
  6755 | D:9      | XOM: scenery: summon butterflies
  6771 | D:9      | XOM: cloud trail
  6908 | D:10     | Entered Level 10 of the Dungeon
  6939 | D:10     | XOM: potion effect (haste)
  6958 | D:10     | XOM: polymorph yak -> tarantella
  7058 | D:10     | XOM: silly message
  7105 | D:10     | XOM: 2-stop teleportation journey
  7113 | D:10     | XOM: confuse monster(s)
  7119 | D:10     | XOM: confuse monster(s)
  7127 | D:10     | XOM: enchant monster (good)
  7138 | D:10     | Reached XP level 11. HP: 63/63 MP: 12/12
  7161 | D:10     | XOM: scenery: summon butterflies
  7528 | D:10     | Found a bloodstained altar of Trog.
  7601 | D:10     | XOM: silly message
  7710 | Lair:1   | Entered Level 1 of the Lair of Beasts
  7804 | Lair:1   | Learned a level 2 spell: Ensorcelled Hibernation
  7843 | Lair:1   | XOM: silly message
  7873 | Lair:1   | XOM: noise
  7875 | Lair:1   | Reached skill level 1 in Spellcasting
  7875 | Lair:1   | Reached skill level 1 in Hexes
  7893 | Lair:1   | XOM: noise
  7904 | Lair:1   | XOM: enchant monster (bad)
  7926 | Lair:1   | Reached skill level 2 in Hexes
  8015 | Lair:1   | Noticed Kurtz's ghost (journeyman OpFi)
  8019 | Lair:1   | Found a runed translucent door.
  8076 | Lair:1   | Reached skill level 3 in Hexes
  8224 | Lair:1   | Found a radiant altar of Vehumet.
  8563 | Lair:2   | Noticed Gastronok
  8569 | Lair:2   | Noticed an eight-headed hydra
  8595 | Lair:2   | Reached skill level 4 in Hexes
  8629 | Lair:2   | XOM: blink monster(s)
  8777 | Lair:2   | XOM: summons 1 hostile demon
  9000 | Lair:2   | XOM: summons 2 hostile demons
  9058 | Lair:2   | XOM: summons 3 hostile shadow creatures
  9281 | Lair:2   | Found a staircase to the Swamp.
  9281 | Lair:2   | Noticed an eleionoma
  9329 | Lair:2   | XOM: confuse monster(s)
  9333 | Lair:2   | Killed an eleionoma
  9334 | Lair:2   | Reached skill level 5 in Spellcasting
  9334 | Lair:2   | Reached skill level 5 in Hexes
  9452 | Lair:2   | Found a staircase to the Snake Pit.
  9649 | Lair:3   | Noticed an eight-headed hydra
  9649 | Lair:3   | XOM: 1-stop teleportation journey
  9656 | Lair:3   | Killed an eight-headed hydra
  9679 | Lair:3   | XOM: noise
  9691 | Lair:3   | Reached skill level 6 in Hexes
  9691 | Lair:3   | Reached XP level 12. HP: 69/69 MP: 20/22
  9714 | Lair:3   | Noticed an eight-headed hydra
  9737 | Lair:3   | Noticed Urug
  9745 | Lair:3   | XOM: give mutations
  9745 | Lair:3   | Lost mutation: You are robust. (+10% HP) [Xom's mischief]
  9745 | Lair:3   | Lost mutation: You are somewhat resistant to further
                  | mutation. [Xom's mischief]
  9745 | Lair:3   | Lost mutation: You have a pair of small antennae on your
                  | head. [Xom's mischief]
  9745 | Lair:3   | Lost mutation: Your muscles are very strong. (Str +8,
                  | Int/Dex -2) [Xom's mischief]
  9787 | Lair:4   | Noticed a five-headed hydra
  9867 | Lair:4   | Found a staircase to the Slime Pits.
  9882 | Lair:4   | XOM: swap monsters
  9895 | Lair:4   | XOM: confusion (+ monsters)
  9901 | Lair:4   | Reached skill level 7 in Hexes
  9906 | Lair:4   | XOM: cast spell 'Cause Fear'
  9927 | Lair:4   | XOM: blink monster(s)
  9936 | Lair:4   | XOM: 2-stop teleportation journey
  9953 | Lair:4   | XOM: give mutations
  9953 | Lair:4   | Lost mutation: You heal very quickly. [Xom's mischief]
  9953 | Lair:4   | Lost mutation: You have hooves in place of feet. [Xom's
                  | mischief]
  9953 | Lair:4   | Lost mutation: Your mind is very acute. (Int +8, Str/Dex
                  | -2) [Xom's mischief]
 10085 | Lair:4   | XOM: scenery: summon butterflies
 10102 | Lair:4   | XOM: 2-stop teleportation journey
 10118 | Lair:4   | Identified the +1 ring mail of the Five Ships {-Cast rC++
                  | Str+4}
 10203 | Lair:3   | XOM: summons 12 friendly demons
 10212 | Lair:3   | XOM: enchant monster (good)
 10452 | Lair:4   | XOM: scenery: summon butterflies
 10475 | Lair:4   | XOM: confuse monster(s)
 10502 | Lair:4   | XOM: fog
 10527 | Lair:4   | XOM: summons 2 friendly demons
 10528 | Lair:4   | XOM: summons 8 friendly demons
 10534 | Lair:4   | Reached skill level 8 in Hexes
 10578 | Lair:4   | XOM: summons friendly shadow imp
 10614 | Lair:4   | XOM: potion effect (haste)
 10620 | Lair:4   | XOM: potion effect (brilliance)
 10640 | Lair:4   | Killed a five-headed hydra
 10981 | Lair:5   | Entered Level 5 of the Lair of Beasts
 11030 | Lair:5   | Noticed a catoblepas
 11040 | Lair:5   | Killed a catoblepas
 11041 | Lair:5   | Noticed a six-headed hydra
 11050 | Lair:5   | Reached XP level 13. HP: 67/67 MP: 25/27
 11144 | Lair:5   | XOM: destruction
 11153 | Lair:5   | Reached skill level 10 in Stealth
 11258 | Lair:5   | XOM: cleaving
 11330 | Lair:5   | XOM: enchant monster (good)
 11345 | Lair:5   | XOM: god gift: the Unrestrained Analects
 11508 | Lair:5   | XOM: noise
 11697 | Lair:5   | XOM: scenery: create altars
 11704 | Lair:5   | Reached skill level 9 in Hexes
 11737 | Lair:5   | XOM: scenery: create altars
 11886 | Lair:5   | XOM: summons 4 hostile shadow creatures
 11914 | Lair:5   | XOM: blink monster(s)
 12128 | Lair:5   | XOM: summons friendly white imp
 12165 | Lair:5   | XOM: noise
 12199 | Lair:5   | XOM: torment (43/67 hp)
 12230 | Lair:5   | XOM: summons friendly iron imp
 12231 | Lair:5   | XOM: summons 2 friendly demons
 12282 | Lair:5   | Reached skill level 10 in Hexes
 12318 | Lair:5   | XOM: confusion
 12322 | Lair:5   | XOM: confuse monster(s)
 12487 | Lair:5   | XOM: summons 1 hostile shadow creature
 12699 | Lair:5   | XOM: enchant monster (bad)
 12710 | Lair:5   | Reached skill level 1 in Shields
 12762 | Lair:3   | XOM: polymorph blink frog -> polar bear
 12772 | Lair:3   | Reached XP level 14. HP: 72/72 MP: 26/28
 12788 | Lair:3   | XOM: 2-stop teleportation journey
 12800 | Lair:3   | XOM: enchant monster (bad)
 12802 | Lair:3   | XOM: scenery: 2 doors open
 12848 | Lair:3   | Killed Urug
 12852 | Lair:3   | XOM: summons 2 hostile shadow creatures
 13101 | Lair:3   | XOM: summons 8 hostile demons
 13146 | Lair:2   | XOM: summons 1 hostile shadow creature
 13568 | Lair:3   | XOM: stat loss: -1 Str (16/17)
 13592 | Lair:3   | XOM: draining
 13611 | Lair:3   | XOM: summons friendly iron imp
 13614 | Lair:3   | XOM: summons friendly iron imp
 13618 | Lair:3   | Reached skill level 11 in Hexes
 13621 | Lair:3   | XOM: enchant monster (good)
 13623 | Lair:3   | XOM: confuse monster(s)
 13768 | Lair:2   | Killed Gastronok
 13856 | Lair:1   | Killed Kurtz's ghost
 13856 | Lair:1   | XOM: silly message
 14167 | D:5      | XOM: god gift: 15 gold pieces
 14356 | D:5      | Killed Grinder
 14785 | D:2      | Killed Terence
 14835 | D:2      | Killed Crazy Yiuf
 15034 | D:9      | Identified the +2 pair of boots "Yruelun" {Will+ Int+4
                  | Dex-3}
 15239 | D:11     | XOM: god gift: 5 stones
 15377 | D:11     | Found a staircase to the Orcish Mines.
 15419 | D:11     | XOM: polymorph orc -> giant cockroach
 15431 | D:11     | XOM: god gift: 1031 gold pieces
 15930 | D:12     | XOM: fake destruction
 16119 | D:12     | XOM: give mutation
 16119 | D:12     | Lost mutation: You are completely covered in iridescent
                  | scales. (AC +6) [Xom's mischief]
 16157 | D:12     | Reached skill level 12 in Hexes
 16285 | D:12     | XOM: stat loss: -1 Dex (14/15)
 16362 | D:12     | XOM: stat loss: -1 Int (18/19)
 16401 | D:12     | XOM: chaos cloud
 16719 | D:12     | XOM: summons 5 hostile demons
 16732 | D:12     | XOM: give mutations
 16732 | D:12     | Lost mutation: You passively dampen the noise of your
                  | surroundings. [Xom's mischief]
 16732 | D:12     | Gained mutation: You occasionally lose the ability to drink
                  | potions when taking damage. [Xom's mischief]
 17035 | Orc:1    | Entered Level 1 of the Orcish Mines
 17044 | Orc:1    | Reached skill level 10 in Dodging
 17057 | Orc:1    | XOM: chaos upgrade
 17114 | Orc:1    | XOM: silly message
 17267 | Orc:2    | Entered Level 2 of the Orcish Mines
 17283 | Orc:2    | XOM: repel stairs
 17303 | Orc:2    | XOM: enchant monster (bad)
 17310 | Orc:2    | XOM: confusion
 17348 | Orc:1    | XOM: noise
 17452 | Orc:1    | XOM: confusion
 17477 | Orc:2    | XOM: swap monsters
 17497 | Orc:2    | XOM: silly message
 17524 | Orc:2    | XOM: silly message
 17525 | Orc:2    | XOM: polymorph deep troll -> manticore
 17528 | Orc:2    | Reached XP level 15. HP: 79/79 MP: 21/29
 17543 | Orc:2    | XOM: summons 8 hostile demons
 17721 | Orc:2    | XOM: 1-stop teleportation journey
 17725 | Orc:2    | Found Paduyth's Antique Armour Shop.
 17725 | Orc:2    | Found Nepnoohy's Magic Scroll Emporium.
 17725 | Orc:2    | XOM: 1-stop teleportation journey
 17727 | Orc:2    | XOM: swap monsters
 17745 | Orc:2    | XOM: 1-stop teleportation journey
 17753 | Orc:2    | XOM: enchant monster (bad)
 17761 | Orc:2    | XOM: summons 8 hostile demons
 17871 | Orc:2    | Reached skill level 10 in Fighting
 17901 | Orc:2    | Found Paaf's Assorted Antiques.
 17904 | Orc:2    | Bought a scroll of teleportation for 48 gold pieces
 17904 | Orc:2    | Bought a scroll of teleportation for 48 gold pieces
 17904 | Orc:2    | Bought 2 scrolls of teleportation for 96 gold pieces
 17904 | Orc:2    | Bought a scroll of teleportation for 48 gold pieces
 17904 | Orc:2    | Bought a scroll of identify for 32 gold pieces
 17906 | Orc:2    | XOM: summons 8 hostile demons
 17909 | Orc:2    | Found Goybos's Armour Shoppe.
 17926 | Orc:2    | XOM: enchant monster (bad)
 17930 | Orc:2    | XOM: noise
 18079 | Orc:2    | XOM: chaos upgrade
 18107 | Orc:2    | Bought a faintly humming scale mail for 207 gold pieces
 18107 | Orc:2    | Identified the +2 scale mail of the Sun {rPois Str-4 Int+6
                  | Dex+3} (You bought it in a shop on level 2 of the Orcish
                  | Mines)
 18114 | Orc:2    | Bought a scroll of butterflies for 104 gold pieces
 18287 | Orc:2    | XOM: scenery: summon butterflies
 18308 | Orc:2    | XOM: 2-stop teleportation journey
 18369 | Orc:2    | XOM: god gift: +3 rapier of chaos
 18388 | Orc:2    | XOM: stat loss: -1 Int (18/19)
 18471 | Orc:2    | Found a staircase to the Elven Halls.
 18649 | Orc:2    | XOM: enchant monster (good)
 19018 | D:13     | Found Lueblik's Antique Armour Shop.
 19021 | D:13     | Bought a dull robe for 153 gold pieces
 19021 | D:13     | Identified the +1 robe of Indecent Exposure {-Cast rN+
                  | rCorr} (You bought it in a shop on level 13 of the Dungeon)
 19021 | D:13     | Bought a distressingly furry robe for 153 gold pieces
 19021 | D:13     | Identified the +1 robe of the Arcane {-Tele rC+ Str+2} (You
                  | bought it in a shop on level 13 of the Dungeon)
 19089 | D:13     | XOM: give mutations
 19089 | D:13     | Lost mutation: You are strong-willed. (Will+) [Xom's
                  | mischief]
 19089 | D:13     | Lost mutation: Your flesh is heat resistant. (rF+) [Xom's
                  | mischief]
 19089 | D:13     | Lost mutation: You are mostly covered in iridescent scales.
                  | (AC +4) [Xom's mischief]
 19089 | D:13     | Lost mutation: You are partially covered in iridescent
                  | scales. (AC +2) [Xom's mischief]
 19106 | D:13     | Found a gate to the Vaults.
 19124 | D:13     | XOM: cast spell 'Cause Fear'
 19306 | D:13     | XOM: silly message
 19486 | D:13     | XOM: cloud trail
 19617 | D:14     | Found a portal to a secret trove of treasure.
 19702 | D:14     | XOM: destruction
 19804 | D:14     | XOM: give mutation
 19804 | D:14     | Gained mutation: You have a pair of small antennae on your
                  | head. [Xom's grace]
 20011 | D:14     | XOM: scenery: 1 doors open
 20039 | D:14     | Found an ancient bone altar of Kikubaaqudgha.
 20041 | D:14     | XOM: god gift: 1325 gold pieces
 20070 | D:14     | Learned a level 3 spell: Dazzling Flash
 20316 | D:14     | XOM: god gift: 4 stones
 20436 | D:15     | Entered Level 15 of the Dungeon
 20460 | D:15     | Reached skill level 10 in Short Blades
 20492 | D:15     | XOM: scenery: create altars
 20523 | D:15     | XOM: divination: magic mapping
 20528 | D:15     | XOM: enchant monster (good)
 20680 | D:15     | Learned a level 3 spell: Confusing Touch
 20768 | D:15     | XOM: cleaving
 20809 | D:15     | Identified Xom's Handbook of the Chickpea (Xom gifted it to
                  | you on level 15 of the Dungeon)
 20809 | D:15     | XOM: god gift: Xom's Handbook of the Chickpea
 20814 | D:15     | Learned a level 2 spell: Blink
 21069 | D:15     | Reached skill level 1 in Translocations
 21070 | D:15     | XOM: polymorph centaur warrior -> deep troll
 21196 | D:15     | XOM: silly message
 21225 | D:15     | Found a staircase to the Depths.
 21232 | D:15     | Reached skill level 5 in Evocations
 21332 | D:15     | XOM: potion effect (attraction)
 21347 | D:15     | Reached XP level 16. HP: 28/87 MP: 30/30
 21791 | Snake:1  | Entered Level 1 of the Snake Pit
 21883 | Snake:1  | XOM: 1-stop teleportation journey
 21912 | Snake:1  | XOM: 1-stop teleportation journey
 21950 | Snake:1  | XOM: enchant monster (bad)
 22064 | Snake:1  | XOM: cast spell 'Call Canine Familiar'
 22083 | Snake:1  | XOM: noise
 22111 | Snake:1  | XOM: enchant monster (good)
 22338 | Snake:1  | Found Xotumaa's Weapon Shop.
 22376 | Snake:1  | XOM: potion effect (might)
 22420 | Snake:1  | Reached skill level 10 in Spellcasting
 22552 | Snake:1  | Reached skill level 13 in Hexes
 22675 | Snake:1  | XOM: potion effect (haste)
 22680 | Snake:1  | XOM: silly message
 23036 | Snake:2  | XOM: cast spell 'Cause Fear'
 23236 | Snake:2  | XOM: potion effect (brilliance)
 23331 | Snake:2  | XOM: silly message
 23402 | Snake:2  | Noticed Vashnia
 23450 | Snake:2  | XOM: silly message
 23473 | Snake:2  | XOM: potion effect (brilliance)
 23476 | Snake:2  | XOM: potion effect (might)
 23477 | Snake:2  | XOM: silly message
 23482 | Snake:2  | Killed Vashnia
 23619 | Snake:2  | XOM: silly message
 23668 | Snake:2  | XOM: potion effect (might)
 23773 | Snake:2  | XOM: confuse monster(s)
 23784 | Snake:2  | XOM: polymorph black mamba -> tarantella
 23785 | Snake:2  | Noticed a nagaraja
 23814 | Snake:2  | XOM: confusion (+ monsters)
 23849 | Snake:2  | XOM: 5-stop teleportation journey
 23894 | Snake:2  | XOM: enchant monster (good)
 24013 | Snake:2  | XOM: divination: detect items
 24019 | Snake:2  | XOM: potion effect (invisibility)
 24255 | Snake:3  | Reached XP level 17. HP: 92/92 MP: 33/33
 24311 | Snake:3  | Noticed Asterion
 24327 | Snake:3  | Reached skill level 5 in Shields
 24441 | Snake:3  | XOM: divination: magic mapping
 24522 | Snake:3  | XOM: silly message
 24597 | Snake:3  | XOM: silly message
 24668 | Snake:3  | XOM: noise
 24786 | Snake:3  | Identified the +2 scale mail of Intuition {rElec rF- MP+9
                  | Slay+5}
 24867 | Snake:3  | XOM: silly message
 25063 | Snake:3  | XOM: silly message
 25132 | Snake:3  | Noticed Mlioglotl
 25240 | Snake:4  | XOM: stealth player
 25240 | Snake:4  | Entered Level 4 of the Snake Pit
 25259 | Snake:4  | XOM: noise
 25273 | Snake:4  | XOM: confuse monster(s)
 25556 | Snake:4  | XOM: silly message
 25591 | Snake:4  | XOM: destruction
 25646 | Snake:4  | XOM: confuse monster(s)
 25649 | Snake:4  | XOM: scenery: summon butterflies
 25737 | Snake:4  | XOM: fog
 26138 | Snake:4  | XOM: fog
 26173 | Snake:2  | XOM: god gift: dagger {god gift}
 26187 | Snake:2  | XOM: cast spell 'Summon Dragon'
 26325 | Snake:1  | XOM: cloud trail
 26472 | Swamp:1  | Entered Level 1 of the Swamp
 26581 | Swamp:1  | XOM: cast spell 'Call Canine Familiar'
 26721 | Lair:2   | XOM: confuse monster(s)
 26783 | Swamp:1  | XOM: summons 6 friendly demons
 26784 | Lair:2   | XOM: confuse monster(s)
 26785 | Lair:2   | XOM: stat loss: -1 Str (16/17)
 26791 | Lair:2   | Reached skill level 10 in Shields
 26880 | Swamp:1  | XOM: summons 5 friendly demons
 26930 | Swamp:1  | XOM: enchant monster (good)
 27101 | Swamp:1  | XOM: god gift: +0 barding of cold resistance
 27824 | Swamp:1  | XOM: scenery: summon butterflies
 28209 | Swamp:2  | XOM: summons 3 friendly demons
 28533 | Swamp:2  | Noticed a tentacled monstrosity
 28583 | Swamp:3  | XOM: 1-stop teleportation journey
 28668 | Swamp:3  | Reached XP level 18. HP: 96/96 MP: 34/34
 28800 | Swamp:3  | XOM: destruction
 28802 | Swamp:3  | XOM: blink monster(s)
 28809 | Swamp:3  | XOM: smoke on damage
 28893 | Swamp:3  | Noticed Aizul
 29040 | Swamp:3  | Killed Aizul
 29055 | Swamp:3  | XOM: 2-stop teleportation journey
 29193 | Swamp:3  | XOM: chaos cloud
 29194 | Swamp:3  | XOM: blink monster(s)
 29267 | Swamp:3  | XOM: cleaving
 29282 | Swamp:3  | XOM: swap monsters
 29457 | Swamp:4  | Entered Level 4 of the Swamp
 29462 | Swamp:4  | XOM: polymorph spriggan druid -> ettin
 29479 | Swamp:4  | XOM: chaos upgrade
 29480 | Swamp:4  | XOM: noise
 29481 | Swamp:4  | Reached skill level 1 in Ice Magic
 29481 | Swamp:4  | XOM: noise
 29486 | Swamp:3  | XOM: swap monsters
 29506 | Swamp:4  | XOM: noise
 29623 | Swamp:4  | XOM: fog
 29725 | Swamp:4  | XOM: cast spell 'Leda's Liquefaction'
 29729 | Swamp:4  | XOM: enchant monster (bad)
 29857 | Swamp:4  | XOM: scenery: summon butterflies
 29868 | Swamp:4  | XOM: 2-stop teleportation journey
 29991 | Swamp:4  | XOM: noise
 30008 | Swamp:4  | XOM: chaos upgrade
 30014 | Swamp:4  | XOM: polymorph spriggan rider -> tyrant leech
 30016 | Swamp:4  | XOM: draining
 30021 | Swamp:3  | XOM: repel stairs
 30163 | Swamp:3  | XOM: summons 5 hostile demons
 30275 | Swamp:3  | XOM: give mutations
 30275 | Swamp:3  | Lost mutation: You have a pair of small antennae on your
                  | head. [Xom's mischief]
 30275 | Swamp:3  | Lost mutation: You occasionally lose the ability to drink
                  | potions when taking damage. [Xom's mischief]
 30430 | Swamp:4  | XOM: enchant monster (bad)
 30495 | Swamp:4  | XOM: silly message
 30496 | Swamp:4  | Gained mutation: Your magical capacity is low. (-10% MP)
                  | [mutagenic glow]
 30686 | Swamp:4  | XOM: fake destruction
 30715 | Swamp:4  | XOM: summons 16 friendly demons
 30730 | Swamp:3  | HP: 2/95 [thorn hunter/volley of thorns (16)]
 30878 | Swamp:4  | XOM: god gift: wand of paralysis (7)
 31031 | Swamp:4  | Noticed the 27-headed Lernaean hydra
 31036 | Swamp:4  | Killed the 27-headed Lernaean hydra
 31044 | Swamp:4  | Got a decaying rune of Zot
 31473 | Elf:1    | Entered Level 1 of the Elven Halls
 31534 | Elf:1    | XOM: god gift: scroll of enchant weapon
 31561 | Elf:1    | Identified the +8 chain mail "Povuapp" {-Tele rPois Will+++
                  | Stlth+}
 31610 | Elf:1    | XOM: enchant monster (good)
 31621 | Elf:1    | Got a droning book
 31859 | Elf:1    | XOM: divination: detect items
 31914 | Elf:1    | Reached skill level 15 in Shields
 32054 | Elf:1    | Found Nod Nifrec's Magic Scroll Shoppe.
 32061 | Elf:1    | Bought a scroll of revelation for 97 gold pieces
 32061 | Elf:1    | Bought a scroll of teleportation for 39 gold pieces
 32061 | Elf:1    | Bought a scroll of revelation for 97 gold pieces
 32260 | Elf:1    | XOM: scenery: 1 doors open, 1 doors close
 32319 | Elf:2    | Found a huge runed gate.
 32319 | Elf:2    | Found a huge runed gate.
 32319 | Elf:2    | Found a huge runed gate.
 32319 | Elf:2    | Found a huge runed gate.
 32319 | Elf:2    | Found a huge runed gate.
 32319 | Elf:2    | Found a huge runed gate.
 32319 | Elf:2    | Found a huge runed gate.
 32319 | Elf:2    | Found a huge runed gate.
 32320 | Elf:2    | Found a huge runed gate.
 32320 | Elf:2    | Found a huge runed gate.
 32320 | Elf:2    | Found a huge runed gate.
 32320 | Elf:2    | Found a huge runed gate.
 32323 | Elf:2    | Found a huge runed gate.
 32323 | Elf:2    | Found a huge runed gate.
 32323 | Elf:2    | Found a huge runed gate.
 32334 | Elf:2    | XOM: enchant monster (good)
 32364 | Elf:1    | XOM: confuse monster(s)
 32365 | Elf:1    | XOM: fog
 32437 | Elf:2    | XOM: chaos cloud
 32575 | Elf:2    | XOM: divine lightning
 32581 | Elf:1    | XOM: confuse monster(s)
 32583 | Elf:1    | XOM: potion effect (invisibility)
 32600 | Elf:2    | Found a huge runed gate.
 32602 | Elf:2    | XOM: divination: detect items
 32604 | Elf:2    | XOM: fake destruction
 32608 | Elf:2    | XOM: polymorph deep elf archer -> shock serpent
 32620 | Elf:2    | Found a huge runed gate.
 32621 | Elf:2    | Found a huge runed gate.
 32643 | Elf:2    | XOM: 1-stop teleportation journey
 32646 | Elf:2    | XOM: stat loss: -1 Dex (17/18)
 32670 | Elf:2    | Reached XP level 19. HP: 94/100 MP: 29/31
 32803 | Elf:2    | Found a runed translucent gate.
 32803 | Elf:2    | Found a runed translucent gate.
 32803 | Elf:2    | Found a runed translucent gate.
 32841 | Elf:2    | Paralysed by an air elemental for 1 turns
 32842 | Elf:2    | XOM: divination: magic mapping
 32849 | Elf:2    | XOM: summons 2 hostile demons
 32859 | Elf:2    | XOM: give mutations
 32859 | Elf:2    | Gained mutation: Your muscles are very strong. (Str +8,
                  | Int/Dex -2) [Xom's grace]
 32859 | Elf:2    | Gained mutation: Your flesh is heat resistant. (rF+) [Xom's
                  | grace]
 32859 | Elf:2    | Gained mutation: You have hidden genetic potential. [Xom's
                  | grace]
 32869 | Elf:2    | XOM: enchant monster (good)
 33297 | Elf:2    | XOM: fake destruction
 33299 | Elf:2    | XOM: divination: magic mapping
 33308 | Elf:2    | XOM: summons 3 hostile demons
 33318 | Elf:2    | XOM: give mutations
 33318 | Elf:2    | Gained mutation: Your system is resistant to poisons.
                  | (rPois) [Xom's grace]
 33318 | Elf:2    | Gained mutation: You are resistant to electric shocks.
                  | (rElec) [Xom's grace]
 33318 | Elf:2    | Gained mutation: You passively dampen the noise of your
                  | surroundings. [Xom's grace]
 33318 | Elf:2    | Gained mutation: Your mind is very acute. (Int +8, Str/Dex
                  | -2) [Xom's grace]
 33324 | Elf:2    | XOM: summons friendly ufetubus
 33334 | Elf:2    | XOM: confuse monster(s)
 33341 | Elf:2    | XOM: swap monsters
 33350 | Elf:2    | XOM: confuse monster(s)
 33355 | Elf:2    | XOM: 1-stop teleportation journey
 33466 | Elf:2    | XOM: enchant monster (bad)
 33575 | Elf:2    | Paralysed by an air elemental for 1 turns
 33602 | Elf:2    | XOM: give mutations
 33602 | Elf:2    | Lost mutation: You are resistant to electric shocks.
                  | (rElec) [Xom's mischief]
 33602 | Elf:2    | Lost mutation: Your muscles are very strong. (Str +8,
                  | Int/Dex -2) [Xom's mischief]
 33667 | Elf:2    | Found a huge runed gate.
 33667 | Elf:2    | Found a huge runed gate.
 33667 | Elf:2    | Found a huge runed gate.
 33667 | Elf:2    | Found a huge runed gate.
 33667 | Elf:2    | Found a huge runed gate.
 33667 | Elf:2    | Found a huge runed gate.
 34038 | Vaults:1 | Entered Level 1 of the Vaults
 34129 | Vaults:1 | XOM: 2-stop teleportation journey
 34222 | Vaults:1 | XOM: summons 16 friendly demons
 34225 | Vaults:1 | Noticed Norris
 34259 | Vaults:1 | XOM: butterfly on damage
 34273 | Vaults:1 | XOM: 1-stop teleportation journey
 34377 | Vaults:1 | Learned a level 4 spell: Cause Fear
 34381 | Vaults:1 | Learned a level 3 spell: Tukima's Dance
 34393 | Vaults:1 | XOM: draining
 34612 | Vaults:1 | XOM: stat loss: -1 Int (22/23)
 34729 | Vaults:1 | XOM: cast spell 'Summon Dragon'
 34773 | Vaults:1 | XOM: summons 4 friendly demons
 34779 | Vaults:1 | Killed Norris
 34780 | Vaults:1 | XOM: summons 10 hostile demons
 35113 | Vaults:1 | XOM: smoke on damage
 35222 | Vaults:1 | XOM: enchant monster (good)
 35306 | Vaults:1 | XOM: summons 1 hostile shadow creature
 35443 | Vaults:1 | XOM: divine lightning
 35477 | Vaults:1 | XOM: enchant monster (good)
 35750 | Vaults:2 | XOM: noise
 35875 | Vaults:2 | XOM: enchant monster (good)
 36057 | Vaults:2 | XOM: noise
 36064 | Vaults:2 | XOM: swap monsters
 36198 | Vaults:2 | XOM: divination: detect creatures
 36225 | Vaults:2 | Reached XP level 20. HP: 109/109 MP: 32/32
 36328 | Vaults:2 | XOM: confuse monster(s)
 36362 | Vaults:2 | XOM: summons friendly crimson imp
 36373 | Vaults:2 | Gained mutation: You are partially covered in large bone
                  | plates. (SH +4) [hidden potential]
 36450 | Vaults:2 | XOM: enchant monster (good)
 36457 | Vaults:2 | XOM: 3-stop teleportation journey
 36552 | Vaults:2 | XOM: confuse monster(s)
 36675 | Vaults:2 | XOM: enchant monster (good)
 36679 | Vaults:2 | XOM: silly message
 36911 | Vaults:2 | XOM: god gift: leather armour {god gift}
 36966 | Vaults:2 | XOM: enchant monster (good)
 37278 | Vaults:2 | XOM: noise
 37441 | Vaults:2 | Got an innocuous book
 37445 | Vaults:2 | Got a levitating book
 37489 | Vaults:2 | XOM: silly message
 37557 | Vaults:2 | Reached skill level 14 in Hexes
 37637 | Vaults:2 | XOM: cast spell 'Dispersal'
 37638 | Vaults:2 | XOM: silly message
 37639 | Vaults:2 | XOM: confuse monster(s)
 37812 | Vaults:2 | Reached skill level 15 in Hexes
 37834 | Vaults:2 | XOM: silly message
 37844 | Vaults:2 | XOM: noise
 37888 | Vaults:2 | Learned a level 7 spell: Enfeeble
 38236 | Vaults:3 | XOM: give mutations
 38236 | Vaults:3 | Lost mutation: Your muscles are strong. (Str +4, Int/Dex
                  | -1) [Xom's mischief]
 38236 | Vaults:3 | Lost mutation: You passively dampen the noise of your
                  | surroundings. [Xom's mischief]
 38245 | Vaults:3 | XOM: confusion
 38246 | Vaults:3 | XOM: enchant monster (good)
 38291 | Vaults:3 | XOM: silly message
 38296 | Vaults:3 | Reached skill level 16 in Hexes
 38477 | Vaults:3 | Found a staircase to the Crypt.
 38503 | Vaults:3 | XOM: cast spell 'Monstrous Menagerie'
 38542 | Vaults:3 | XOM: chaos upgrade
 38735 | Vaults:3 | XOM: blink monster(s)
 38858 | Vaults:3 | XOM: polymorph deep troll -> anaconda
 38884 | Vaults:3 | Reached skill level 17 in Hexes
 38888 | Vaults:3 | XOM: silly message
 39238 | Vaults:3 | XOM: scenery: 2 doors close
 39261 | Vaults:3 | Reached skill level 15 in Stealth
 39328 | Vaults:3 | XOM: summons 3 hostile demons
 39350 | Vaults:3 | XOM: god gift: rapier {god gift}
 39355 | Vaults:3 | XOM: god gift: wand of roots (5)
 39412 | Vaults:3 | Found Turiczo's Assorted Antiques.
 39418 | Vaults:3 | Bought a scroll of teleportation for 108 gold pieces
 39418 | Vaults:3 | Bought a potion of haste for 360 gold pieces
 39418 | Vaults:3 | Bought 2 scrolls of butterflies for 288 gold pieces
 39542 | Vaults:3 | XOM: scenery: 1 doors close
 39635 | Vaults:4 | Found a large runed translucent door.
 39636 | Vaults:4 | Found a large runed translucent door.
 39637 | Vaults:4 | Found a large runed translucent door.
 39639 | Vaults:4 | Found a large runed translucent door.
 39639 | Vaults:4 | Found a large runed translucent door.
 39639 | Vaults:4 | Found a large runed translucent door.
 39639 | Vaults:4 | Found a large runed translucent door.
 39639 | Vaults:4 | Found a large runed translucent door.
 39639 | Vaults:4 | Noticed Yhaurph's ghost (adept MiFi)
 39670 | Vaults:4 | XOM: cloud trail
 39826 | Vaults:4 | XOM: divination: detect creatures
 39915 | Vaults:4 | Reached XP level 21. HP: 113/113 MP: 28/33
 39917 | Vaults:4 | XOM: divination: magic mapping
 39989 | Vaults:4 | XOM: potion effect (haste)
 39990 | Vaults:4 | Reached skill level 18 in Hexes
 39993 | Vaults:4 | XOM: noise
 40150 | Vaults:4 | XOM: summons friendly iron imp
 40171 | Vaults:4 | Gained mutation: You have great hidden genetic potential.
                  | [hidden potential]
 40171 | Vaults:4 | Lost mutation: You have great hidden genetic potential.
                  | [hidden potential expressed]
 40490 | Vaults:4 | XOM: enchant monster (good)
 40516 | Vaults:4 | XOM: scenery: 1 doors close
 40646 | Vaults:4 | XOM: fake destruction
 40703 | Vaults:4 | Reached skill level 19 in Hexes
 40835 | Vaults:4 | Identified the +8 rapier "Ciwkos" {drain, *Noise Fly rPois
                  | Str+4} (Xom gifted it to you on level 4 of the Vaults)
 40835 | Vaults:4 | XOM: god gift: +8 rapier "Ciwkos" {chaos, *Noise Fly rPois
                  | Str+4}
 40881 | Vaults:4 | XOM: fog
 40911 | Vaults:4 | XOM: potion effect (attraction)
 40939 | Vaults:4 | Identified a scroll of acquirement
 40940 | Vaults:4 | Acquired the ring of Foesam {rF+ MP+9 Int+3}
 41136 | Vaults:4 | Identified the ring of Seoniwet {Ice Str+3 Int+4}
 41146 | Vaults:4 | Got a yellowed book
 41150 | Vaults:4 | XOM is BORED!
 41157 | Vaults:4 | Identified the staff "Derekeoh" {rCorr Conj}
 41169 | Vaults:4 | Got a weird book
 41175 | Vaults:4 | XOM: god gift: potion of magic
 41179 | Vaults:4 | Identified the +0 chain mail of Ycuxt {Will+ Dex+3}
 41641 | Elf:2    | Found a huge runed gate.
 41649 | Elf:2    | Found a huge runed gate.
 41649 | Elf:2    | Found a huge runed gate.
 41649 | Elf:2    | Found a huge runed gate.
 41649 | Elf:2    | Found a huge runed gate.
 41650 | Elf:2    | Found a huge runed gate.
 41679 | Elf:2    | XOM: confuse monster(s)
 41696 | Elf:2    | Found a huge runed gate.
 41783 | Elf:2    | XOM: summons 6 friendly demons
 41855 | Elf:2    | XOM: scenery: 1 doors open, 2 doors close
 41867 | Elf:2    | XOM: summons friendly shadow imp
 41909 | Elf:2    | XOM: cleaving
 41982 | Elf:2    | XOM: confuse monster(s)
 42007 | Elf:2    | XOM: enchant monster (bad)
 42015 | Elf:2    | XOM: destruction
 42022 | Elf:2    | XOM: summons friendly iron imp
 42023 | Elf:2    | XOM: enchant monster (bad)
 42037 | Elf:2    | XOM: chaos upgrade
 42101 | Elf:3    | Entered Level 3 of the Elven Halls
 42118 | Elf:3    | Noticed Saint Roka
 42127 | Elf:3    | XOM: blink monster(s)
 42177 | Elf:3    | XOM: cast spell 'Olgreb's Toxic Radiance'
 42187 | Elf:3    | Killed Saint Roka
 42286 | Elf:3    | XOM: 2-stop teleportation journey
 42483 | Elf:3    | XOM: fake destruction
 42572 | Elf:3    | Noticed Donald
 42594 | Elf:3    | XOM: potion effect (might)
 42597 | Elf:3    | Killed Donald
 42701 | Elf:3    | XOM: 4-stop teleportation journey
 42793 | Elf:3    | XOM: scenery: 1 doors open
 42852 | Elf:3    | XOM: potion effect (berserk rage)
 42920 | Elf:3    | XOM: god gift: 15 gold pieces
 42972 | Elf:3    | Noticed Roxanne
 43119 | Elf:3    | XOM: cloud trail
 43204 | Elf:3    | XOM: destruction
 43231 | Elf:3    | XOM: noise
 43266 | Elf:3    | XOM: scenery: 1 doors close
 43442 | Elf:3    | XOM: confuse monster(s)
 43532 | Elf:3    | XOM: potion effect (berserk rage)
 43772 | Elf:3    | XOM: summons 2 friendly demons
 43835 | Elf:3    | XOM: cast spell 'Summon Horrible Things'
 44213 | Elf:3    | XOM: potion effect (might)
 44248 | Elf:3    | XOM: potion effect (haste)
 44252 | Elf:3    | Reached XP level 22. HP: 119/119 MP: 34/34
 44259 | Elf:3    | XOM: silly message
 44437 | Elf:3    | XOM: potion effect (brilliance)
 44443 | Elf:3    | XOM: silly message
 44451 | Elf:3    | XOM: divination: detect items
 44458 | Elf:3    | XOM: potion effect (haste)
 44622 | Elf:3    | XOM: noise
 44837 | Elf:3    | Gained mutation: You have a pair of small horns on your
                  | head. [hidden potential]
 44930 | Elf:3    | XOM: 1-stop teleportation journey
 45063 | Elf:3    | Got a yellowed book
 45085 | Elf:3    | Identified the +0 pair of boots "Hanegg" {rPois}
 45448 | Orc:2    | XOM: give mutations
 45448 | Orc:2    | Lost mutation: You are partially covered in large bone
                  | plates. (SH +4) [Xom's mischief]
 45448 | Orc:2    | Lost mutation: You have hoof-like feet. [Xom's mischief]
 45448 | Orc:2    | Gained mutation: You are weak. (Str -2) [Xom's mischief]
 45448 | Orc:2    | Lost mutation: You expend magic power (3 MP) to strengthen
                  | your wands. [Xom's mischief]
 45600 | Depths:1 | Entered Level 1 of the Depths
 45639 | Depths:1 | XOM: enchant monster (bad)
 45652 | Depths:1 | XOM: 1-stop teleportation journey
 45813 | Depths:1 | XOM: 1-stop teleportation journey
 45832 | Depths:1 | XOM: noise
 45836 | Depths:1 | XOM: give mutation
 45836 | Depths:1 | Lost mutation: Your magical capacity is low. (-10% MP)
                  | [Xom's mischief]
 45894 | Depths:1 | Found a one-way gate to the infinite horrors of the Abyss.
 45927 | Depths:1 | XOM: silly message
 45944 | Depths:1 | XOM: divination: detect creatures
 46395 | Depths:1 | XOM: cloud trail
 46451 | Depths:1 | XOM: 3-stop teleportation journey
 46470 | Depths:1 | Identified the +3 leather armour "Enuuceuxt" {rElec rF-
                  | Int+2 Dex+3}
 46507 | Depths:1 | XOM: god gift: runed scarf {god gift}
 46540 | Depths:1 | XOM: silly message
 46756 | Depths:1 | XOM: enchant monster (bad)
 46894 | Depths:1 | XOM: cast spell 'Discord'
 46955 | Depths:1 | XOM: enchant monster (good)
 46956 | Depths:1 | Found a gateway to Hell.
 47046 | Depths:1 | XOM: polymorph reaper -> cacodemon
 47058 | Depths:1 | Gained mutation: Your body sometimes deteriorates upon
                  | taking damage. [a cacodemon]
 47235 | Depths:1 | XOM: god gift: 15 gold pieces
 47444 | Depths:1 | XOM: noise
 47505 | Depths:2 | XOM: divination: magic mapping
 47550 | Depths:2 | XOM: blink monster(s)
 47554 | Depths:2 | XOM: summons friendly shadow imp
 47568 | Depths:2 | XOM: confusion (+ monsters)
 47652 | Depths:2 | XOM: swap monsters
 47696 | Depths:2 | Found a one-way gate leading to the halls of Pandemonium.
 47696 | Depths:2 | XOM: 3-stop teleportation journey
 47757 | Depths:2 | XOM: noise
 47792 | Depths:2 | Noticed Sojobo
 48003 | Depths:3 | XOM: silly message
 48110 | Depths:3 | Identified the +1 shadow dragon scales "Hinen" {rF+ rN+
                  | rCorr Stlth++++}
 48121 | Depths:3 | Found an ancient bone altar of Kikubaaqudgha.
 48152 | Depths:3 | Noticed Louise
 48166 | Depths:3 | Killed Louise
 48375 | Depths:3 | XOM: enchant monster (good)
 48437 | Depths:3 | XOM: divination: detect creatures
 48461 | Depths:3 | XOM: potion effect (berserk rage)
 48477 | Depths:2 | Killed Sojobo
 48498 | Depths:2 | Noticed a golden dragon
 48514 | Depths:3 | XOM: summons friendly crimson imp
 48565 | Depths:2 | Noticed a caustic shrike
 48571 | Depths:2 | XOM: enchant monster (bad)
 48991 | Depths:3 | XOM: 6-stop teleportation journey
 49082 | Depths:3 | XOM: summons 1 hostile demon
 49138 | Depths:3 | XOM: polymorph rust devil -> orange demon
 49180 | Depths:3 | XOM: silly message
 49214 | Depths:3 | XOM: confusion (+ monsters)
 49221 | Depths:3 | XOM: blink monster(s)
 49281 | Depths:3 | Noticed a golden dragon
 49299 | Depths:3 | XOM: noise
 49301 | Depths:3 | XOM: cleaving
 49303 | Depths:3 | XOM: summons 11 friendly demons
 49305 | Depths:3 | Noticed a caustic shrike
 49305 | Depths:3 | XOM: 3-stop teleportation journey
 49312 | Depths:3 | XOM: give mutations
 49312 | Depths:3 | Lost mutation: Your body sometimes deteriorates upon taking
                  | damage. [Xom's mischief]
 49312 | Depths:3 | Lost mutation: You are weak. (Str -2) [Xom's mischief]
 49312 | Depths:3 | Lost mutation: You have a pair of small horns on your head.
                  | [Xom's mischief]
 49312 | Depths:3 | Lost mutation: Your system is resistant to poisons. (rPois)
                  | [Xom's mischief]
 49366 | Depths:3 | XOM: blink monster(s)
 49370 | Depths:3 | XOM: enchant monster (good)
 49404 | Depths:3 | XOM: noise
 49450 | Depths:3 | XOM: summons friendly crimson imp
 49468 | Depths:3 | XOM: noise
 49682 | Depths:3 | Reached XP level 23. HP: 123/125 MP: 39/39
 49743 | Depths:3 | XOM: god gift: robe {god gift}
 49789 | Depths:3 | XOM: summons friendly ufetubus
 49803 | Depths:3 | XOM: blink monster(s)
 49909 | Depths:3 | XOM: silly message
 50167 | Depths:3 | XOM: 2-stop teleportation journey
 50202 | Depths:3 | XOM: cast spell 'Metabolic Englaciation'
 50203 | Depths:3 | XOM: potion effect (berserk rage)
 50244 | Depths:3 | XOM: divination: detect items
 50252 | Depths:3 | XOM: cleaving
 50258 | Depths:3 | XOM: 2-stop teleportation journey
 50282 | Depths:3 | XOM: cleaving
 50290 | Depths:3 | Killed a caustic shrike
 50292 | Depths:3 | XOM: destruction
 50297 | Depths:3 | Killed a caustic shrike
 50302 | Depths:3 | XOM: potion effect (brilliance)
 50327 | Depths:3 | Killed a golden dragon
 50350 | Depths:3 | Gained mutation: You heal very quickly. [hidden potential]
 50350 | Depths:3 | Lost mutation: You have hidden genetic potential. [hidden
                  | potential expressed]
 50395 | Depths:3 | XOM: god gift: quarterstaff {god gift}
 50396 | Depths:3 | XOM: cast spell 'Discord'
 50526 | Depths:3 | XOM: cast spell 'Summon Mana Viper'
 50568 | Depths:3 | XOM: give mutation
 50568 | Depths:3 | Gained mutation: Your flesh is cold resistant. (rC+) [Xom's
                  | mischief]
 50660 | Depths:2 | XOM: potion effect (might)
 50705 | Depths:2 | XOM: cleaving
 50723 | Depths:2 | Noticed a juggernaut
 50731 | Depths:3 | XOM: cast spell 'Monstrous Menagerie'
 50750 | Depths:3 | Reached skill level 20 in Hexes
 50766 | Depths:3 | Killed a juggernaut
 50843 | Depths:2 | XOM: god gift: polished leather armour {god gift}
 50843 | Depths:2 | Identified the +1 leather armour of Moral Flaws {-Cast +Inv
                  | rElec Stlth+} (Xom gifted it to you on level 2 of the
                  | Depths)
 50856 | Depths:2 | XOM: cloud trail
 50867 | Depths:2 | Learned a level 8 spell: Discord
 50970 | Depths:3 | Killed a golden dragon
 51082 | Depths:3 | XOM: divination: magic mapping
 51094 | Depths:2 | Identified the -1 pair of boots "Aliza" {Dex+2}
 51188 | Depths:2 | XOM: polymorph tentacled monstrosity -> tentacled
                  | monstrosity
 51275 | Depths:2 | XOM: confuse monster(s)
 51336 | Depths:2 | XOM: fog
 51388 | Depths:2 | XOM: confusion
 51395 | Depths:2 | XOM: 11-stop teleportation journey
 51406 | Depths:2 | Found a shimmering altar of Xom.
 51653 | Depths:2 | XOM: stat loss: -1 Dex (20/21)
 51872 | Depths:2 | XOM: enchant monster (bad)
 52146 | Depths:4 | Entered Level 4 of the Depths
 52146 | Depths:4 | Noticed a golden dragon
 52171 | Depths:4 | Killed a golden dragon
 52199 | Depths:4 | XOM: 1-stop teleportation journey
 52205 | Depths:4 | Found a one-way gateway to a ziggurat.
 52210 | Depths:4 | XOM: confusion
 52292 | Depths:4 | XOM: confusion
 52302 | Depths:4 | XOM: 2-stop teleportation journey
 52304 | Depths:4 | XOM: stat loss: -1 Str (11/12)
 52304 | Depths:4 | Noticed a golden dragon
 52314 | Depths:4 | XOM: 1-stop teleportation journey
 52325 | Depths:3 | XOM: enchant monster (bad)
 53095 | Depths:4 | XOM: enchant monster (bad)
 53123 | Depths:4 | XOM: cast spell 'Monstrous Menagerie'
 53125 | Depths:3 | XOM: summons 10 hostile demons
 53237 | Depths:4 | XOM: stat loss: -1 Str (11/12)
 53257 | Depths:4 | XOM: swap monsters
 53396 | Depths:3 | XOM: confuse monster(s)
 53580 | Depths:3 | XOM: noise
 53621 | Depths:3 | Killed a golden dragon
 53726 | Depths:4 | Noticed a juggernaut
 53744 | Depths:4 | Got a ragged book
 53818 | Depths:3 | XOM: divination: detect items
 53982 | Depths:4 | XOM: noise
 53996 | Depths:3 | Reached skill level 21 in Hexes
 54176 | Depths:4 | XOM: enchant monster (bad)
 54276 | Depths:4 | Killed a juggernaut
 54315 | Depths:4 | XOM: summons 2 hostile shadow creatures
 54465 | Depths:4 | XOM: enchant monster (bad)
 54613 | Depths:4 | XOM: silly message
 54681 | Depths:4 | Reached XP level 24. HP: 130/130 MP: 35/39
 54708 | Depths:4 | Found a gate to the Realm of Zot.
 55086 | D:11     | XOM: give mutations
 55086 | D:11     | Lost mutation: Your spells are much harder to cast, but
                  | much more powerful. [Xom's mischief]
 55086 | D:11     | Lost mutation: Your mind is very acute. (Int +8, Str/Dex
                  | -2) [Xom's mischief]
 55249 | Snake:1  | XOM: summons 1 hostile shadow creature
 55399 | Snake:1  | XOM: silly message
 55513 | Snake:3  | Reached skill level 15 in Dodging
 56146 | Snake:4  | XOM: blink monster(s)
 56147 | Snake:4  | XOM: destruction
 56200 | Snake:4  | XOM: fog
 56222 | Snake:4  | XOM: 6-stop teleportation journey
 56284 | Snake:4  | XOM: confuse monster(s)
 56356 | Snake:4  | XOM: enchant monster (bad)
 56510 | Snake:4  | XOM: chaos upgrade
 56641 | Snake:4  | XOM: 3-stop teleportation journey
 56854 | Snake:4  | XOM: scenery: create altars
 56893 | Snake:4  | Noticed Kirke
 56898 | Snake:4  | Killed Kirke
 56918 | Snake:4  | XOM: scenery: summon butterflies
 56920 | Snake:4  | XOM: destruction
 57055 | Snake:4  | XOM: noise
 57203 | Snake:4  | XOM: silly message
 57213 | Snake:4  | XOM: noise
 57323 | Snake:4  | XOM: enchant monster (bad)
 57328 | Snake:4  | XOM: polymorph naga -> scorpion
 57431 | Snake:4  | XOM: give mutation
 57431 | Snake:4  | Lost mutation: You heal very quickly. [Xom's mischief]
 57482 | Snake:4  | Got a serpentine rune of Zot
 57611 | Snake:4  | Found Caux's Jewellery Shoppe.
 57611 | Snake:4  | Found Punef's Book Shop.
 57612 | Snake:4  | Found Muoted's Jewellery Shoppe.
 57620 | Snake:4  | Bought a manual of Dodging for 880 gold pieces
 57667 | Snake:4  | XOM: scenery: create altars
 57770 | Snake:4  | XOM: scenery: create altars
 57949 | Snake:4  | XOM: chaos upgrade
 58163 | Snake:2  | XOM: give mutations
 58163 | Snake:2  | Gained mutation: Your spells are much harder to cast, but
                  | much more powerful. [Xom's mischief]
 58163 | Snake:2  | Lost mutation: You have large cloven feet. [Xom's mischief]
 58163 | Snake:2  | Gained mutation: You occasionally shout uncontrollably at
                  | your foes. [Xom's mischief]
 58163 | Snake:2  | Gained mutation: You have a pair of small horns on your
                  | head. [Xom's mischief]
 58254 | Lair:1   | XOM: give mutations
 58254 | Lair:1   | Lost mutation: Your flesh is heat resistant. (rF+) [Xom's
                  | mischief]
 58254 | Lair:1   | Gained mutation: You frequently scream uncontrollably at
                  | your foes. [Xom's mischief]
 58254 | Lair:1   | Lost mutation: You have a pair of small horns on your head.
                  | [Xom's mischief]
 58254 | Lair:1   | Lost mutation: Your flesh is cold resistant. (rC+) [Xom's
                  | mischief]
 58558 | Crypt:1  | Entered Level 1 of the Crypt
 58560 | Crypt:1  | Reached skill level 22 in Hexes
 58565 | Vaults:3 | XOM: silly message
 58588 | Crypt:1  | XOM: 3-stop teleportation journey
 58666 | Crypt:1  | XOM: god gift: 56 gold pieces
 58672 | Crypt:1  | XOM: 1-stop teleportation journey
 59189 | Crypt:1  | XOM: summons 14 friendly demons
 59348 | Crypt:1  | XOM: divination: detect creatures
 59569 | Crypt:1  | XOM: god gift: 39 gold pieces
 59913 | Crypt:2  | XOM: fake destruction
 59944 | Crypt:2  | XOM: 1-stop teleportation journey
 59965 | Crypt:2  | XOM: give mutations
 59965 | Crypt:2  | Gained mutation: You have a pair of small horns on your
                  | head. [Xom's grace]
 59965 | Crypt:2  | Gained mutation: You are partially covered in iridescent
                  | scales. (AC +2) [Xom's grace]
 59965 | Crypt:2  | Gained mutation: Your muscles are strong. (Str +4, Int/Dex
                  | -1) [Xom's grace]
 60105 | Crypt:2  | XOM: fog
 60205 | Crypt:2  | XOM: summons 2 friendly demons
 60219 | Crypt:2  | XOM: enchant monster (bad)
 60224 | Crypt:2  | XOM: enchant monster (good)
 60485 | Crypt:3  | Entered Level 3 of the Crypt
 60558 | Crypt:3  | XOM: silly message
 60572 | Crypt:3  | XOM: 1-stop teleportation journey
 60575 | Crypt:3  | XOM: scenery: 3 doors open
 60715 | Crypt:3  | XOM: confusion (+ monsters)
 60792 | Crypt:3  | XOM: blink monster(s)
 60815 | Crypt:3  | XOM: give mutations
 60815 | Crypt:3  | Gained mutation: You have a pair of horns on your head.
                  | [Xom's grace]
 60815 | Crypt:3  | Gained mutation: You are somewhat resistant to further
                  | mutation. [Xom's grace]
 60963 | Crypt:3  | XOM: noise
 60973 | Crypt:3  | XOM: enchant monster (bad)
 60978 | Crypt:3  | XOM: fake destruction
 61020 | Crypt:3  | XOM: silly message
 61052 | Crypt:3  | XOM: summons friendly quasit
 61056 | Crypt:3  | XOM: blink monster(s)
 61256 | Crypt:3  | Found a staircase to the Tomb.
 61374 | Crypt:3  | Reached XP level 25. HP: 135/135 MP: 39/39
 61462 | Crypt:3  | Found a basalt altar of Yredelemnul.
 61687 | Crypt:3  | XOM: 6-stop teleportation journey
 61741 | Crypt:3  | Identified the ring "Zeulou" {rN+ rCorr Int+4}
 61767 | Crypt:3  | XOM: enchant monster (bad)
 61774 | Crypt:3  | XOM: 3-stop teleportation journey
 61873 | Crypt:3  | Reached skill level 23 in Hexes
 61918 | Crypt:3  | Identified the amulet "Leocoh" {Reflect Contam rElec rN+
                  | Int+3 SH+5}
 62081 | Crypt:3  | XOM: confuse monster(s)
 62138 | Crypt:3  | XOM: summons 9 friendly demons
 62188 | Crypt:3  | Identified the ring of Iteworodgh {rN+ Dex+2}
 62188 | Crypt:3  | Identified the ring "Isela" {rPois rN+ Int+3 Dex+3 Slay-3}
 62437 | Crypt:3  | XOM: silly message
 62833 | Crypt:3  | XOM: confusion
 62850 | Crypt:3  | XOM: noise
 62983 | Crypt:3  | XOM: give mutations
 62983 | Crypt:3  | Gained mutation: Your mind is very acute. (Int +8, Str/Dex
                  | -2) [Xom's mischief]
 62983 | Crypt:3  | Lost mutation: Your muscles are strong. (Str +4, Int/Dex
                  | -1) [Xom's mischief]
 62983 | Crypt:3  | Lost mutation: You have a pair of horns on your head.
                  | [Xom's mischief]
 63136 | Crypt:3  | XOM: silly message
 63239 | Crypt:3  | XOM: summons 11 hostile demons
 63640 | Crypt:3  | XOM: enchant monster (good)
 63957 | Vaults:4 | XOM: enchant monster (bad)
 63970 | Vaults:4 | Killed Yhaurph's ghost
 64049 | Vaults:4 | XOM: divination: magic mapping
 64089 | Vaults:4 | XOM: silly message
 64102 | Vaults:5 | Entered Level 5 of the Vaults
 64107 | Vaults:5 | Reached skill level 15 in Fighting
 64110 | Vaults:5 | Reached skill level 5 in Armour
 64244 | Vaults:5 | XOM: enchant monster (good)
 64291 | Vaults:5 | XOM: 1-stop teleportation journey
 64314 | Vaults:5 | XOM: scenery: create altars
 64348 | Vaults:5 | XOM: god gift: potion of curing
 64413 | Vaults:5 | Identified the +11 long sword of Twilight {speed, rElec
                  | SInv}
 64446 | Vaults:5 | Identified the amulet "Kohun" {rN+ Regen+ SInv Stlth+}
 64610 | Vaults:5 | XOM: divination: magic mapping
 64675 | Vaults:5 | XOM: scenery: summon butterflies
 64731 | Vaults:5 | XOM: summons 2 friendly demons
 64772 | Vaults:5 | Got a silver rune of Zot
 64965 | Vaults:5 | Identified the +1 helmet of Lucidity {Str+3}
 64978 | Vaults:5 | Identified the +13 plate armour of Tender Moments {Slay+5}
 65110 | Vaults:5 | XOM: confuse monster(s)
 65138 | Vaults:5 | XOM: give mutations
 65138 | Vaults:5 | Gained mutation: Your flesh is cold resistant. (rC+) [Xom's
                  | grace]
 65138 | Vaults:5 | Gained mutation: You are strong-willed. (Will+) [Xom's
                  | grace]
 65142 | Vaults:5 | XOM: cast spell 'Summon Cactus Giant'
 65222 | Vaults:5 | Found the +10 tower shield of Ignorance {rN+ Int-4}
 65268 | Vaults:5 | Reached XP level 26. HP: 132/143 MP: 39/39
 65484 | Vaults:5 | XOM: give mutation
 65484 | Vaults:5 | Lost mutation: Your flesh is cold resistant. (rC+) [Xom's
                  | mischief]
 65819 | Vaults:4 | XOM: silly message
 66135 | Zot:1    | Entered Level 1 of the Realm of Zot
 66273 | Zot:1    | Acquired 928 gold pieces
 66401 | Zot:2    | XOM: enchant monster (bad)
 66564 | Zot:2    | XOM: silly message
 66887 | Zot:3    | XOM: confuse monster(s)
 66893 | Zot:3    | XOM: cleaving
 66901 | Zot:3    | XOM: 1-stop teleportation journey
 66906 | Zot:3    | XOM: enchant monster (bad)
 66971 | Zot:4    | Noticed a Killer Klown
 67091 | Zot:4    | XOM: enchant monster (bad)
 67185 | Zot:4    | Killed a Killer Klown
 67227 | Zot:4    | Noticed a Killer Klown
 67323 | Zot:4    | Killed a Killer Klown
 67370 | Zot:5    | Entered Level 5 of the Realm of Zot
 67440 | Zot:5    | Found a runed translucent gate.
 67440 | Zot:5    | Found a runed translucent gate.
 67440 | Zot:5    | Found a runed translucent gate.
 67441 | Zot:5    | Noticed Zonian's ghost (legendary AtFi)
 67632 | Zot:5    | XOM: fog
 67642 | Zot:5    | XOM: silly message
 67716 | Zot:5    | Noticed a dread lich
 67944 | Zot:5    | Noticed a dread lich
 67944 | Zot:5    | Noticed an ancient lich
 67954 | Zot:5    | XOM: scenery: create altars
 67987 | Zot:5    | Killed a dread lich
 68014 | Zot:5    | XOM: confuse monster(s)
 68021 | Zot:5    | Killed an ancient lich
 68038 | Zot:5    | Noticed a Killer Klown
 68038 | Zot:5    | Noticed a dread lich
 68040 | Zot:5    | XOM: confusion
 68111 | Zot:5    | XOM: potion effect (brilliance)
 68114 | Zot:5    | XOM: summons 1 friendly demon
 68118 | Zot:5    | Killed a dread lich
 68172 | Zot:5    | Noticed a Killer Klown
 68235 | Zot:5    | Killed a dread lich
 68279 | Zot:5    | Killed a Killer Klown
 68289 | Zot:5    | Noticed an ancient lich
 68319 | Zot:5    | Noticed a Killer Klown
 68328 | Zot:5    | Killed a Killer Klown
 68339 | Zot:5    | Reached XP level 27. HP: 151/151 MP: 39/39
 68366 | Zot:5    | Gained mutation: You occasionally lose the ability to drink
                  | potions when taking damage. [mutagenic glow]
 68507 | Zot:5    | Noticed an orb of fire
 68535 | Zot:5    | Killed an orb of fire
 68561 | Zot:5    | Killed an ancient lich
 68599 | Zot:5    | XOM: confusion (+ monsters)
 68600 | Zot:5    | XOM: cast spell 'Olgreb's Toxic Radiance'
 68696 | Zot:5    | Noticed a dread lich
 68696 | Zot:5    | XOM: 2-stop teleportation journey
 68819 | Zot:5    | Got the Orb of Zot
 69045 | Depths:2 | Noticed Pumaas the pandemonium lord
 69045 | Depths:2 | XOM: noise
 69122 | D:15     | XOM: polymorph Orb Guardian -> catoblepas
 69239 | D:10     | XOM: enchant monster (bad)
 69253 | D:9      | Noticed Hopefewko the pandemonium lord
 69265 | D:10     | XOM: cleaving
 69405 | D:1      | XOM: give mutation
 69405 | D:1      | Gained mutation: You have sharp toenails. [Xom's grace]
 69416 | D:$      | Escaped with the Orb!

Illustrated notes

Levels and vault maps discovered:
D:1:      dpeg_arrival_rooms_b, layout_loops_ring,
          dreamdust_ecumenical_altar_hidden_monk_grotto, minmay_misc_feat_doors
D:2:      layout_rooms, uniq_crazy_yiuf_cottage, uniq_terence, uniq_jessica
D:3:      layout_basic, nicolae_elyvilon_peaceful_grove
D:4:      layout_gridville, chei_slow_surprise, minmay_temple_entry_wispy
D:5:      layout_basic, uniq_grinder
D:6:      layout_basic, pdpol_wu_jian_five_deadly_venoms, zin_purify,
          mainiacjoe_overflow_catwalk_spiral
D:7:      layout_loops_cross, mainiacjoe_overflow_alcove_1,
          mainiacjoe_overflow_chevrons, nicolae_ru_great_annihilating_truth,
          chequers_serial_rivers_small_3
D:8:      layout_basic, grunt_lair_entry_orc_guard_hut, nicolae_the_louvre,
          uniq_jeremiah, uniq_erica
D:9:      layout_basic, nzn_hepliaklqana_mist_gate,
          mainiacjoe_overflow_tiny_flanked, nicolae_overflow_crystal_walls,
          nicolae_lava_and_water, hex_large
D:10:     layout_roguey, mainiacjoe_overflow_24_doors
D:11:     layout_roguey, minmay_orc_entry_temple_small
D:12:     minmay_thinvault, layout_basic
D:13:     layout_gridville, david_vaults_2, serial_shops,
          nicolae_shop_tiny_real_fake_doors
D:14:     layout_stronghold, enter_trove_2, nicolae_kikubaaqudgha_miasma_corner,
          dreamdust_princess_corridor
D:15:     hangedman_depths_entry_try_elsewhere_first, layout_rooms,
          chequers_big_river
Temple:   nicolae_temple_cloud_nine
Lair:1:   layout_gridlike, basic_altar, hellmonk_ghost_happy_afterlife,
          grunt_megastairs_2
Lair:2:   layout_small_grid, alex1729_swamp_entry_worm_eleionoma,
          minmay_snake_entry_guardpost_large, fungi_pond_lemuel,
          minmay_stone_trees_medium, patterned_corridor, uniq_gastronok
Lair:3:   layout_chaotic_city, chequers_serial_rivers_micro_e, uniq_urug
Lair:4:   layout_regular_city, minmay_slime_entry_jelly_boxes, lemuel_fruit_tree
Lair:5:   evilmike_catoblepas_cave, layout_regular_city, grunt_megastairs_4
Swamp:1:  layout_basic_swamp, evilmike_swamp_ruin_house_5,
          infiniplex_staircase_pool
Swamp:2:  layout_basic_swamp, evilmike_swamp_ruin_rubble_1, swamp_pool1
Swamp:3:  layout_basic_swamp, evilmike_swamp_ruin_house_3, swamp_pool4,
          uniq_aizul
Swamp:4:  grunt_swamp_rune_castle, layout_basic_swamp
Snake:1:  layout_honeycomb, serial_shops, shop, grunt_megastairs_5, uniq_azrael
Snake:2:  layout_misc_corridors, nicolae_snake_shapes, uniq_vashnia
Snake:3:  layout_chambers, uniq_mlioglotl, uniq_asterion
Snake:4:  grunt_snake_rune_spirals, layout_onion, minmay_shop_grove, uniq_kirke
Orc:1:    layout_diamond_mine, hellmonk_jugg_or_not
Orc:2:    st_orc_open, layout_caves
Elf:1:    elf_arrival_001, layout_geoelf_octagon, serial_shops,
          nicolae_shop_advertising_works [nicolae_subvault_shop_adworks],
          minmay_elf_demonology
Elf:2:    elven_hall_of_blades_hangedman_original
          [nicolae_blade_entry_antechamber], layout_onion_city, door_vault
Elf:3:    minmay_elf_hall_furrowed, layout_onion_city, grunt_megastairs_1,
          uniq_donald, uniq_saint_roka, uniq_roxanne
Vaults:1: nicolae_vaults_angled_halls, nicolae_vaults_little_squares_2,
          vaults_room_stairs_pillars, vaults_standard_mumra_enter_the_diamond,
          nicolae_vaults_wrenched, hangedman_vaults_trim,
          nicolae_vaults_angled_halls, nicolae_vaults_trapezoid_lopsided_1,
          nicolae_vaults_asterisk, layout_vaults_omnigrid, uniq_norris
Vaults:2: hangedman_vaults_nails, v_misc_15, nicolae_vaults_wine_cellar,
          nicolae_vaults_library_corner, ontoclasm_vaults_eye,
          nicolae_vaults_angled_halls, nicolae_vaults_storage_closets_3,
          vaults_room_stairs_pillars, nicolae_vaults_shrinking_rooms_1,
          nicolae_vaults_cornered_office, nicolae_vaults_trapezoid_2,
          nicolae_vaults_little_ls, nicolae_vaults_two_Ls, layout_vaults_ring
Vaults:3: v_misc_2, hangedman_vaults_variations,
          minmay_crypt_entry_skeletal_spiral, ontoclasm_vaults_gateway,
          nicolae_vaults_surprise_closet, nicolae_vaults_tangram_1,
          grunt_vaults_funnel, grunt_vaults_hallway_short,
          nicolae_vaults_spaceships, nicolae_vaults_tetromino_Z_1,
          layout_vaults_chaotic_city, serial_shops, shop_statue
Vaults:4: advil_vaults_ghost_lines, vaults_standard_mumra_enter_the_diamond,
          vaults_standard_mumra_lines, v_pattern_3, nicolae_vaults_network_s,
          v_misc_30, v_misc_3, nicolae_vaults_trapezoid_2,
          nicolae_vaults_museum, nicolae_vaults_house_2, vaults_room_hallway,
          layout_vaults_big_cross
Vaults:5
Crypt:1:  layout_regular_city, minmay_misc_feat_ornament, columned_hall_lemuel,
          grunt_ministairs_8, wad_floor_pattern_untrapped,
          serial_sigils_hangedman_snap, minivault_27
Crypt:2:  layout_chaotic_city, moated_statue
Crypt:3:  evilmike_haunted_forest
Depths:1: layout_basic, grunt_hell_entry_demonic_statue,
          hangedman_decor_slide_cut, abyss_entry, nooodl_orcs_dogs
Depths:2: nicolae_legendary_halls, layout_cross, hangedman_tar_grid_catacomb,
          pan_entry, ebering_dispersal_statue_hall, xom_teletrap_fun,
          uniq_sojobo
Depths:3: minmay_concentric_multi, layout_honeycomb, hell_entry,
          grunt_pan_entry_spiral, nicolae_abyss_entry_one_way_or_another,
          old_standard_altar
Depths:4: grunt_zot_entry_hairpin, layout_cave_shapes, enter_ziggurat_e,
          minmay_misc_feat_tiny, hell_entry
Zot:1:    layout_basic, nicolae_diode_stairs
Zot:2:    grunt_twist_and_shout, layout_concentric_octagons
Zot:3:    layout_gridville
Zot:4:    grunt_zot_stairs_faceoff, layout_basic, uniq_parghit
Zot:5:    layout_onion, gammafunk_ghost_split

Skill      XL: |  1  2  3  4  5  6  7  8  9 10 11 12 13 14 15 16 17 18 19 20 21 22 23 24 25 26 27 |
---------------+----------------------------------------------------------------------------------+-----
Stealth        | 2 3 4 5 7 8 9 13 14 15 16 17 | 17.9
Short Blades   | 3 4 5 6 7 8 10 11 14 | 14.9
Dodging        | 1 2 4 6 8 9 10 11 12 14 17 18 | 18.7
Fighting       | 4 5 6 7 9 11 13 14 16 18 19 | 19.2
Evocations     | 3 5 |  5.7
Spellcasting   | 6 9 11 | 11.0
Hexes          | 6 8 10 12 13 17 19 21 22 23 | 23.0
Shields        | 1 3 4 11 15 16 17 19 20 | 20.4
Translocations | 2 3 |  3.7
Ice Magic      | 2 |  2.1
Armour         | 6 |  6.8

Action                     |  1- 3 |  4- 6 |  7- 9 | 10-12 | 13-15 | 16-18 | 19-21 | 22-24 | 25-27 || total
---------------------------+-------+-------+-------+-------+-------+-------+-------+-------+-------++-------
  Melee: Short sword       |    92 |   202 |   213 |   587 |   157 |       |   465 |   931 |   109 ||  2756
         Bite              |    18 |    52 |    61 |   226 |   491 |   523 |   946 |  1748 |   855 ||  4920
         Kick              |       |       |    87 |   258 |   143 |       |       |       |       ||   488
         Dagger            |       |       |       |     1 |   909 |  1232 |  1449 |  1988 |   471 ||  6050
         Rapier            |       |       |       |       |    43 |   112 |    13 |       |       ||   168
         Headbutt          |       |       |       |       |       |       |       |   423 |   558 ||   981
         Quick blade       |       |       |       |       |       |       |       |       |   891 ||   891
  Throw: Javelin           |     2 |     2 |       |       |       |       |       |       |       ||     4
         Dart              |       |     2 |    11 |     2 |     5 |       |     1 |     4 |       ||    25
         Throwing net      |       |       |       |       |       |       |     1 |       |       ||     1
   Cast: Ensorcelled Hiber |       |       |       |    23 |   252 |   290 |   334 |   316 |   132 ||  1347
         Confusing Touch   |       |       |       |       |       |    66 |    15 |    62 |     3 ||   146
         Dazzling Flash    |       |       |       |       |       |     4 |       |       |       ||     4
         Blink             |       |       |       |       |       |     3 |     2 |     2 |       ||     7
         Tukima's Dance    |       |       |       |       |       |       |       |     2 |     1 ||     3
         Cause Fear        |       |       |       |       |       |       |       |     1 |       ||     1
         Enfeeble          |       |       |       |       |       |       |       |    72 |   122 ||   194
         Discord           |       |       |       |       |       |       |       |     6 |    10 ||    16
  Evoke: Wand              |       |       |     3 |     8 |     6 |    15 |    21 |    11 |     8 ||    72
         Phial of floods   |       |       |       |       |     1 |     1 |     1 |       |       ||     3
    Use: Scroll            |       |     8 |     8 |    12 |    10 |    14 |     7 |    14 |    20 ||    93
         Potion            |       |     1 |     1 |     1 |     1 |     2 |     2 |     1 |     9 ||    18
   Stab: Paralysed         |     2 |       |       |     2 |     1 |     6 |     5 |     2 |     2 ||    20
         Sleeping          |     6 |     4 |     5 |    42 |   162 |   193 |   227 |   171 |    63 ||   873
         Invisible         |       |       |     4 |       |       |    14 |     4 |    57 |   133 ||   212
         Confused          |       |       |     1 |     9 |     6 |    80 |    28 |    72 |     6 ||   202
         Distracted        |       |       |       |     2 |     3 |     3 |    11 |    17 |     3 ||    39
         Petrifying        |       |       |       |       |     1 |     3 |     2 |       |       ||     6
         Petrified         |       |       |       |       |       |     2 |     1 |     3 |       ||     6
         Held in net/web   |       |       |       |       |       |       |     2 |       |       ||     2
 Armour: Leather armour    |    38 |    98 |   100 |    17 |       |       |       |       |       ||   253
         Acid dragon scale |       |       |       |   231 |   689 |   719 |   571 |   888 |   265 ||  3363
  Dodge: Dodged            |    34 |    68 |    74 |   300 |   883 |   617 |   443 |   839 |   354 ||  3612
  Block: Buckler           |    14 |    32 |    25 |    70 |   285 |   159 |       |       |       ||   585
         Tower shield      |       |       |       |       |       |   415 |  1617 |  2174 |   964 ||  5170
         Reflection        |       |       |       |       |       |       |       |       |    31 ||    31

Table legend: (Time is in decaauts)
 A = Elapsed time spent in this place.
 B = Non-inter-level travel time spent in this place.
 C = Inter-level travel time spent in this place.
 D = Time resting spent in this place.
 E = Time spent auto-exploring this place.
 F = Levels seen in this place.
 G = Mean time per level.
                   A        B        C        D        E       F      G
               +--------+--------+--------+--------+--------+-----+--------+
         Total |  66234 |  60075 |   6159 |  10295 |  26613 |  51 | 1298.7 |
       Dungeon |  15019 |  12600 |   2419 |    689 |   8119 |  15 | 1001.3 |
        Temple |      1 |      1 |      0 |      0 |      0 |   1 |    1.0 |
          Lair |   6546 |   6152 |    394 |   1095 |   3095 |   5 | 1309.2 |
         Swamp |   4550 |   4266 |    284 |   1227 |   1496 |   4 | 1137.5 |
     Snake Pit |   7172 |   6617 |    555 |   1102 |   3098 |   4 | 1793.0 |
  Orcish Mines |   2135 |   1629 |    506 |    501 |    647 |   2 | 1067.5 |
   Elven Halls |   5758 |   5305 |    453 |   1431 |   1583 |   3 | 1919.3 |
        Vaults |   9177 |   8447 |    730 |   1062 |   3897 |   5 | 1835.4 |
         Crypt |   4784 |   4607 |    177 |    866 |   1837 |   3 | 1594.7 |
        Depths |   8394 |   7772 |    622 |   1572 |   2839 |   4 | 2098.5 |
           Zot |   2694 |   2678 |     16 |    748 |      0 |   5 |  538.8 |
               +--------+--------+--------+--------+--------+-----+--------+

Top non-repeatable levels by time:
Depths:3: 3380 daAuts
 Crypt:3: 2983 daAuts
   Elf:3: 2958 daAuts
 Snake:4: 2722 daAuts
Vaults:2: 2074 daAuts
  Lair:2: 1969 daAuts
Vaults:4: 1922 daAuts
Depths:1: 1911 daAuts
Vaults:1: 1863 daAuts
 Snake:3: 1798 daAuts
Vaults:3: 1695 daAuts
Depths:2: 1694 daAuts
 Swamp:3: 1659 daAuts
Vaults:5: 1620 daAuts
 Snake:1: 1599 daAuts
